 Dungeon Crawl Stone Soup version 0.25.0-15-gac7dcb8919 (webtiles) character file.

Game seed: 6405297834634668499

503379 lepoulpe303 the Slayer (level 25, -3/212 HPs)
             Began as a Hill Orc Fighter on June 26, 2020.
             Was the Champion of Ru.
             Killed from afar by a storm dragon (36 damage)
             ... with a bolt of lightning
             ... on level 4 of the Depths on June 29, 2020.
             The game lasted 05:11:58 (70749 turns).

lepoulpe303 the Slayer (Hill Orc Fighter)          Turns: 70749, Time: 05:11:59

Health: -3/212     AC: 32    Str: 34    XL:     25   Next: 26%
Magic:  33/33      EV:  7    Int:  4    God:    Ru [******]
Gold:   2392       SH: 33    Dex: 20    Spells: 24/24 levels left

rFire    + . .     SeeInvis +   a - +14 obsidian axe {vorpal, +Fly SInv *Curse} (curse)
rCold    + + +     Gourm    .   J - +4 tower shield
rNeg     . . .     Faith    .   G - +7 plate armour {rF+} {rF+}
rPois    .         Spirit   .   (no helmet)
rElec    .         Reflect  +   u - scarf {harm}
rCorr    .         Harm     .   (no gloves)
MR       ++...                  M - +2 pair of boots {run} {Speed+}
Stlth    ..........             I - amulet "Olagoah" {Reflect rF- MR+ Dex+4 Slay+3 SH+5}
HPRegen  0.45/turn              N - ring of Harefuop {rF+ Dex+4 Slay+4}
MPRegen  0.23/turn              r - ring "Acvogg" {rC+++ Str+6 Int-5}

@: mesmerised, very slightly contaminated, studying Throwing, invisible, quick
A: talons 1, iridescent scales 1, blink, frail 1, no stealth, inability to train
dodging, no fire magic, no necromancy magic, no translocations magic, unskilled
1
}: 2/15 runes: serpentine, barnacled
a: Blink, Draw Out Power, Power Leap, Apocalypse, Renounce Religion, Evoke
Flight


You were on level 4 of the Depths.
You worshipped Ru.
Ru was exalted by your worship.
You were not hungry.

You visited 8 branches of the dungeon, and saw 42 of its levels.
You visited 2 bazaars.
You also visited: Bailey and Desolation.

You collected 6180 gold pieces.
You spent 3788 gold pieces at shops.

Inventory:

Hand Weapons
 a - the cursed +14 obsidian axe (weapon) {vorpal, +Fly SInv *Curse}
   (You found it in the Desolation of Salt)

   It inflicts extra damage upon your enemies.
   It lets you see invisible.
   It lets you fly.
   It curses itself when equipped.
   It has a curse placed upon it.
Missiles
 y - 6 silver boomerangs
 A - 66 javelins
 T - 10 throwing nets {=f}
 X - 65 silver javelins (quivered)
Armour
 j - the +5 plate armour of Decompression {Dex+3}
   (You bought it in a shop in a bazaar)

   It affects your dexterity (+3).
 u - a scarf of harm (worn)
 G - a +7 plate armour of fire resistance (worn) {rF+}
 J - a +4 tower shield (worn)
 M - a +2 pair of boots of running (worn) {Speed+}
Jewellery
 r - the ring "Acvogg" (right hand) {rC+++ Str+6 Int-5}
   (You found it on level 4 of the Lair of Beasts)

   [ring of strength]

   It affects your strength (+6).
   It affects your intelligence (-5).
   It renders you almost immune to cold.
 C - an uncursed ring of resist corrosion
 F - the ring "Gawakh" {rF+ MR+ Str+3 Dex-2}
   (You bought it in a shop on level 2 of the Orcish Mines)

   [ring of protection from fire]

   It affects your strength (+3).
   It affects your dexterity (-2).
   It protects you from fire.
   It affects your resistance to hostile enchantments.
 I - the amulet "Olagoah" (around neck) {Reflect rF- MR+ Dex+4 Slay+3 SH+5}
   (You found it in the Desolation of Salt)

   [amulet of reflection]

   It shields you and reflects attacks.
   It affects your dexterity (+4).
   It affects your accuracy and damage with ranged weapons and melee attacks
   (+3).
   It makes you vulnerable to fire.
   It affects your resistance to hostile enchantments.
   It affects your SH (+5).
 N - the ring of Harefuop (left hand) {rF+ Dex+4 Slay+4}
   (You took it off an imperial myrmidon in the Desolation of Salt)

   [ring of slaying]

   It affects your dexterity (+4).
   It affects your accuracy and damage with ranged weapons and melee attacks
   (+4).
   It protects you from fire.
 S - an uncursed ring of see invisible
 V - the amulet "Zumuonopn" {Acrobat +Inv rN+ Str+7}
   (You took it off a yaktaur captain on level 3 of the Depths)

   [amulet of the acrobat]

   It helps you evade while moving and waiting.
   It affects your strength (+7).
   It protects you from negative energy.
   It lets you turn invisible.
 W - an uncursed ring of positive energy {rN+}
Wands
 m - a wand of clouds (2)
 o - a wand of flame (65)
 D - a wand of digging (5)
 K - a wand of acid (14)
 P - a wand of iceblast (35)
 U - a wand of enslavement (5)
 Z - a wand of paralysis (22)
Scrolls
 f - 7 scrolls of fog
 g - 4 scrolls of fear
 i - 4 scrolls of identify
 k - 4 scrolls of noise {!r}
 t - 12 scrolls of teleportation
 w - 13 scrolls of remove curse
 z - 5 scrolls of magic mapping {!r}
 B - 5 scrolls of blinking {!r}
 E - a scroll of summoning
 L - a scroll of holy word {!r}
 O - 7 scrolls of immolation {!r}
 Y - 6 scrolls of silence
Potions
 d - 6 potions of might
 h - 9 potions of haste
 l - 4 potions of heal wounds
 n - 4 potions of resistance
 p - 3 potions of stabbing
 q - 13 potions of curing
 v - 6 potions of lignification {!q}
 x - a potion of berserk rage {!q}
 H - 5 potions of cancellation
Books
 s - a manual of Throwing {!d}
Miscellaneous
 b - a phial of floods
 c - 3 boxes of beasts
 Q - a tin of tremorstones (3/3)
Comestibles
 e - 41 rations


   Skills:
 * Level 21.5 Fighting
 - Level 19.2 Axes
   Level 13.4(14.6) Slings
 + Level 10.5(13.2) Throwing
 * Level 20.1 Armour
 + Level 16.8 Shields
 + Level 13.5 Evocations


You had 24 spell levels left.
You didn't know any spells.
Your spell library contained the following spells:

 Spells                   Type           Power        Failure   Level  Hunger
 Beastly Appendage        Tmut           #.....       99%         1    ##.....
 Corona                   Hex            #......      99%         1    ##.....
 Infusion                 Chrm           #...         99%         1    ##.....
 Magic Dart               Conj           #...         99%         1    ##.....
 Sandblast                Erth           #.....       99%         1    ##.....
 Shock                    Conj/Air       #...         99%         1    ##.....
 Summon Butterflies       Summ           #.......     99%         1    ##.....
 Summon Small Mammal      Summ           #...         99%         1    ##.....
 Call Imp                 Summ           #.......     100%        2    ###....
 Ensorcelled Hibernation  Hex/Ice        #.....       100%        2    ###....
 Passwall                 Tmut/Erth      #.......     100%        2    ###....
 Searing Ray              Conj           #.....       100%        2    ###....
 Slow                     Hex            #.......     100%        2    ###....
 Song of Slaying          Chrm           #.......     100%        2    ###....
 Sticks to Snakes         Tmut           #.......     100%        2    ###....
 Swiftness                Chrm/Air       #.......     100%        2    ###....
 Call Canine Familiar     Summ           #.......     100%        3    ####...
 Confusing Touch          Hex            #.......     100%        3    ####...
 Dazzling Flash           Conj/Hex       #.....       100%        3    ####...
 Mephitic Cloud           Conj/Pois/Air  #.......     100%        3    ####...
 Ozocubu's Armour         Chrm/Ice       #.......     100%        3    ####...
 Spectral Weapon          Hex/Chrm       #.......     100%        3    ####...
 Spider Form              Tmut/Pois      #.........   100%        3    ####...
 Static Discharge         Conj/Air       #.......     100%        3    ####...
 Stone Arrow              Conj/Erth      #.....       100%        3    ####...
 Summon Guardian Golem    Hex/Summ       #.......     100%        3    ####...
 Tukima's Dance           Hex            #.......     100%        3    ####...
 Airstrike                Air            #.........   100%        4    #####..
 Cause Fear               Hex            #.........   100%        4    #####..
 Fulminant Prism          Conj/Hex       #.........   100%        4    #####..
 Hailstorm                Conj/Ice       #.......     100%        4    #####..
 Ice Form                 Ice/Tmut       #.......     100%        4    #####..
 Leda's Liquefaction      Hex/Erth       #.........   100%        4    #####..
 Petrify                  Tmut/Erth      #.......     100%        4    #####..
 Summon Ice Beast         Ice/Summ       #.......     100%        4    #####..
 Summon Lightning Spire   Summ/Air       #.......     100%        4    #####..
 Alistair's Intoxication  Tmut/Pois      #.......     100%        5    ######.
 Blade Hands              Tmut           #.........   100%        5    ######.
 Iskenderun's Battlesphe  Conj/Chrm      #.......     100%        5    ######.
 Lee's Rapid Deconstruct  Erth           #.........   100%        5    ######.
 Lightning Bolt           Conj/Air       #.........   100%        5    ######.
 Metabolic Englaciation   Hex/Ice        #.........   100%        5    ######.
 Silence                  Hex/Air        #.........   100%        5    ######.
 Yara's Violent Unravell  Hex/Tmut       #.........   100%        5    ######.
 Conjure Ball Lightning   Conj/Air       #.........   100%        6    #######
 Darkness                 Hex            #.........   100%        6    #######
 Freezing Cloud           Conj/Ice/Air   #.........   100%        6    #######
 Invisibility             Hex            #.......     100%        6    #######
 Iron Shot                Conj/Erth      #.........   100%        6    #######
 Ozocubu's Refrigeration  Ice            #.........   100%        6    #######
 Shadow Creatures         Summ           N/A          100%        6    #######
 Statue Form              Tmut/Erth      #........    100%        6    #######
 Orb of Destruction       Conj           #.........   100%        7    #######
 Spellforged Servitor     Conj/Summ      #.........   100%        7    #######
 Discord                  Hex            #.........   100%        8    #######
 Shatter                  Erth           #.........   100%        9    #######
 Tornado                  Air            #.........   100%        9    #######
 Animate Skeleton         Necr           Unusable     N/A         1    N/A
 Apportation              Tloc           Unusable     N/A         1    N/A
 Foxfire                  Conj/Fire      Unusable     N/A         1    N/A
 Blink                    Tloc           Unusable     N/A         2    N/A
 Shroud of Golubria       Chrm/Tloc      Unusable     N/A         2    N/A
 Conjure Flame            Conj/Fire      Unusable     N/A         3    N/A
 Gell's Gravitas          Tloc           Unusable     N/A         3    N/A
 Ignite Poison            Fire/Tmut/Pois Unusable     N/A         3    N/A
 Inner Flame              Hex/Fire       Unusable     N/A         3    N/A
 Lesser Beckoning         Tloc           Unusable     N/A         3    N/A
 Portal Projectile        Hex/Tloc       Unusable     N/A         3    N/A
 Recall                   Summ/Tloc      Unusable     N/A         3    N/A
 Teleport Other           Tloc           Unusable     N/A         3    N/A
 Iskenderun's Mystic Bla  Conj/Tloc      Unusable     N/A         4    N/A
 Passage of Golubria      Tloc           Unusable     N/A         4    N/A
 Sticky Flame             Conj/Fire      Unusable     N/A         4    N/A
 Bolt of Magma            Conj/Fire/Erth Unusable     N/A         5    N/A
 Borgnjor's Vile Clutch   Necr/Erth      Unusable     N/A         5    N/A
 Fireball                 Conj/Fire      Unusable     N/A         5    N/A
 Simulacrum               Ice/Necr       Unusable     N/A         6    N/A
 Starburst                Conj/Fire      Unusable     N/A         6    N/A
 Ring of Flames           Chrm/Fire      Unusable     N/A         7    N/A
 Ignition                 Fire           Unusable     N/A         8    N/A

Dungeon Overview and Level Annotations

Branches:
Dungeon (15/15)              Lair (6/6) D:11         Shoals (4/4) Lair:4
  Snake (4/4) Lair:4        Slime (0/5) Lair:5          Orc (2/2) D:10
    Elf (3/3) Orc:2        Vaults (4/5) D:13          Crypt (0/3) Vaults:2
 Depths (4/5) D:15         Bailey (visited)         Desolation (visited)
 Temple: D:4-7

Altars:
Ashenzari
Dithmenos
Gozag
Hepliaklqana
Makhleb
Ru
Sif Muna
Uskayaw
Vehumet
Yredelemnul
The Shining One
Jiyva

Shops:
D:4 =   D:10 [   D:13 *   Orc:2 %!=:(   Elf:1 *   Elf:3 =   Shoals:4 !
Snake:2 (   Vaults:1 *   Depths:1 :

Portals:
Hell: Depths:1 Depths:2 Depths:3 Depths:4
Abyss: Depths:3 Depths:4
Pandemonium: Depths:3
Ziggurat: Depths:2
Trove: Elf:2 (give +2 storm dragon scales)

Annotations:
Elf:2 3 runed translucent doors, Ewetirimn's ghost, adept MiBe


Innate Abilities, Weirdness & Mutations

You are frail. (-10% HP)
You cannot be stealthy.
You cannot train Dodging skill.
You cannot study or cast Fire magic.
You cannot study or cast Necromancy magic.
You cannot study or cast Translocations magic.
You are somewhat unskilled. (-1 Apt)
You have sharp toenails.
You are partially covered in iridescent scales. (AC +2)
You can translocate small distances at will.


Message History

You hear a deafening roar!
You block the tentacled monstrosity's attack. x3
* * * LOW HITPOINT WARNING * * *
The tentacled monstrosity constricts you.
You take 5 damage, and have 31/212 hp.
You hit the tentacled monstrosity.
You are no longer entranced.
You kill the tentacled monstrosity!
Visions of slaying the storm dragon flood into your mind.
The slime creature quivers.
You open the storm dragon like a pillowcase!!!
The slime creature quivers. x2
The storm dragon begins to attack, but is stunned by your will!
You catch the helpless storm dragon completely off-guard!
You hit the storm dragon but do no damage.
The storm dragon roars deafeningly!
The slime creature quivers. x2
The storm dragon breathes lightning at you.
The bolt of lightning hits you!!!
You die...

.........##.##................###
..##.....#...#.....##......####
.####....#...#....####......# ##
##...#...#...##$$##.....# #
##..#...#..##..|$##...(# #
##.#...#.##....!##^..## ##
###...###.....##....# # .##
#....##....##.....# # ..##
##4...#@..##......# # ...##
##..JD#### ......# # ....#
##..J.# .....###### #######
#D....########...(... ......#
..##J........##....... .......
.(( ##.......).'(###### .......
#... #.......##.# # #####.. '#
##########.# # ....# .
#.....3..######


You could see 2 storm dragons and 3 slime creatures.

Levels and vault maps discovered:
D:1:      minmay_arrival_checkered_box, layout_basic, moated_statue,
          minmay_cut_off
D:2:      layout_basic, minmay_worlds_worst_comb, uniq_terence
D:3:      layout_basic
D:4:      layout_loops_ring, first_ration, serial_shops, nicolae_shop_trees,
          hex_tiny
D:5:      layout_rooms, lemuel_doored_altar, minmay_temple_entry_antechambers,
          uniq_ijyb, uniq_pikel
D:6:      black_bear_nest_1, layout_gridville, lemuel_crystal_altar,
          uniq_duvessa
D:7:      layout_rooms, minmay_overflow_temple_star_hex, basic_altar,
          the_bakery, corexii_corridor_pit
D:8:      layout_basic, nicolae_overflow_crystal_walls, lemuel_round_altar,
          basic_altar
D:9:      layout_irregular_city, minmay_misc_feat_diagonals,
          minmay_strange_pillars, minmay_misc_feat_room,
          makhleb_heckhound_becter, uniq_psyche
D:10:     layout_cave_pools, orc_david_3
D:11:     lemuel_slime, layout_gridville, dpeg_lair_monsters, serial_bayou,
          serial_bayou_shore_b, serial_bayou_lagoon_a, serial_bayou_shore_a,
          serial_bayou_ford_a, enter_bailey_2, chequers_serial_rivers_micro_e
D:12:     layout_basic, uniq_sonja
D:13:     layout_long_grid, erik_vaults_1, serial_shops, shop,
          ebering_ghost_inner_flame, uniq_rupert
D:14:     layout_gridville, chequers_serial_rivers_small_3, uniq_roxanne
D:15:     grunt_enter_depths_snipers, layout_gridville, serial_park_square3
          [serial_park_minivault_5x5_3], nicolae_gozag_seed_capital
Lair:1:   beast_lair_carwin_large_3, layout_loops_ring, lemuel_fruit_tree
Lair:2:   layout_loops_ring
Lair:3:   layout_long_grid, infiniplex_staircase_pool_2
Lair:4:   layout_cave_pods, minmay_shoals_entry_centaurs, dummy_snake_entry
Lair:5:   layout_small_grid, dpeg_slime_entry_enclosed_altar, special_room
          [special_room_mythical_zoo]
Lair:6:   minmay_lair_end_frog_pond, layout_hall_layers,
          infiniplex_staircase_pool
Shoals:1: layout_shoals, nicolae_shoals_seven_spires, nicolae_shoals_mertower,
          uniq_louise
Shoals:2: layout_shoals
Shoals:3: layout_shoals, lemuel_altar_in_water, uniq_polyphemus
Shoals:4: shoals_end_grunt_ice, layout_shoals, serial_shops, shop
Snake:1:  layout_chambers, uniq_frances
Snake:2:  layout_chambers, minmay_shoptagon
Snake:3:  layout_chambers, serial_shops, bzr_in_the_mist
Snake:4:  snake_pit_salamanders_mu, layout_cave_town, serial_bayou_pond_d
Orc:1:    layout_diamond_mine, basic_altar
Orc:2:    st_orc_elflike, layout_diamond_mine, serial_shops, shop_coins,
          mines_bat_river, uniq_erolcha
Elf:1:    eino_elf_arrival_the_gate, layout_loops_corners,
          portal_desolation_entry_nicolae_nacl, serial_shops,
          nicolae_shop_stone, hangedman_elf_disciples
Elf:2:    layout_loops_ring, ebering_ghost_rock_garden, enter_trove_1,
          minmay_the_grid_square_5x5_3x3_mashed
          [minmay_the_grid_square_5x5_gyroscope,
          minmay_the_grid_square_5x5_percent, minmay_the_grid_square_5x5_forky,
          minmay_the_grid_square_5x5_two_walls_a,
          minmay_the_grid_square_5x5_megaprize_checkered,
          minmay_the_grid_square_5x5_spiral,
          minmay_the_grid_square_5x5_shuriken, minmay_the_grid_square_5x5_six,
          minmay_the_grid_square_5x5_broken_cross]
Elf:3:    minmay_elf_hall_hex, layout_geoelf_castle, serial_shops, shop_statue
Vaults:1: v_alt_pattern_1, vaults_standard_mumra_enter_the_diamond,
          nicolae_vaults_yaktaur_gun_rack, v_misc_1, v_misc_24, v_misc_8,
          v_misc_12, ontoclasm_vaults_eye, nicolae_vaults_holding_cells,
          v_alt_pattern_5, ontoclasm_vaults_loading_screen,
          nicolae_vaults_little_squares_2, layout_vaults_ring, serial_shops,
          shop
Vaults:2: grunt_vaults_diagonal, v_rooms_4, minmay_crypt_entry_simple_sparse,
          v_misc_13, nicolae_vaults_triangles, ontoclasm_vaults_loading_screen,
          ontoclasm_vaults_shuriken, v_misc_22, grunt_vaults_funnel,
          layout_vaults_chaotic_city, uniq_mennas
Vaults:3: nicolae_vaults_three_branches, nicolae_vaults_little_squares_6,
          nicolae_vaults_big_ls, ontoclasm_vaults_gateway, st_lines,
          hangedman_vaults_nails, v_rooms_3,
          vaults_standard_mumra_enter_the_diamond, v_misc_22,
          vaults_room_semicircle, nicolae_vaults_what_the_h,
          layout_vaults_omnigrid
Vaults:4: nicolae_vaults_rhombus_5, hangedman_vaults_maws, v_misc_25, v_misc_25,
          minmay_guarded_unrand_secular_launcher,
          nicolae_vaults_windows_and_doors_thing, v_misc_32,
          dpeg_vaults_monster_row, v_misc_14, ontoclasm_vaults_hangar,
          nicolae_vaults_little_squares_6, ontoclasm_vaults_claustrophobia,
          v_pattern_5, v_alt_pattern_2, nicolae_vaults_diagonal_hallway_7,
          layout_vaults_maze, uniq_donald
Depths:1: layout_gridlike, grunt_mini_vestibule, nicolae_rare_books,
          wheals_unrand_guarded_autumn_katana
Depths:2: minmay_tile_spiral, layout_cave_pools, enter_ziggurat_e, hell_entry,
          chequers_serial_rivers_micro_a, chequers_serial_rivers_large_a
Depths:3: minmay_triangles_in_corner, layout_gridville, hell_entry,
          serial_shops, bzr_entry_lakeside, rand_demon_pan_entry_1, abyss_entry,
          serial_bayou_pond_c, st_stairs_13
Depths:4: minmay_octo_star, layout_small_grid, chequers_decorated_corner,
          abyss_entry_crystal, hangedman_geh_valley, uniq_jory, uniq_boris

Notes
Turn   | Place    | Note
-------+----------+-------------------------------------------
     0 | D:1      | lepoulpe303 the Hill Orc Fighter began the quest for the
                  | Orb.
     0 | D:1      | Reached XP level 1. HP: 19/19 MP: 1/1
   222 | D:1      | Reached skill level 3 in Axes
   447 | D:1      | Reached XP level 2. HP: 27/27 MP: 2/2
   490 | D:1      | Identified a cursed +0 dagger
   511 | D:1      | Identified a +0 chain mail (You found it on level 1 of the
                  | Dungeon)
   531 | D:1      | Identified a +0 dagger
   625 | D:1      | Identified a +0 dagger
   964 | D:2      | Identified a +0 flail
   964 | D:2      | Identified a +0 club
   965 | D:2      | Identified a +0 whip
   966 | D:2      | Identified a +0 halberd
   967 | D:2      | Reached XP level 3. HP: 33/33 MP: 3/3
   981 | D:1      | Reached skill level 4 in Fighting
  1050 | D:1      | Reached skill level 4 in Axes
  1222 | D:2      | Reached XP level 4. HP: 26/40 MP: 4/4
  1251 | D:2      | Identified a +0 whip
  1253 | D:2      | Identified a +0 trident
  1253 | D:2      | Identified a +0 ring mail
  1253 | D:2      | Noticed Terence
  1341 | D:2      | Killed Terence
  1508 | D:2      | Reached skill level 4 in Shields
  1551 | D:2      | Reached XP level 5. HP: 44/47 MP: 5/5
  1573 | D:2      | Reached skill level 4 in Armour
  1735 | D:2      | Identified 6 scrolls of identify
  1735 | D:2      | Identified a ring of see invisible (You found it on level 2
                  | of the Dungeon)
  1737 | D:2      | Identified a potion of curing
  1738 | D:2      | Identified 3 potions of heal wounds
  1739 | D:2      | Identified a potion of brilliance
  1740 | D:2      | Identified 3 scrolls of enchant weapon
  1751 | D:2      | Identified a +0 chain mail of positive energy (You found it
                  | on level 2 of the Dungeon)
  1932 | D:2      | Identified a +0 club
  2062 | D:2      | Identified a +2 pair of boots of running (You found it on
                  | level 2 of the Dungeon)
  2204 | D:3      | Identified a +0 dagger
  2228 | D:3      | Identified a +0 club
  2232 | D:3      | Identified a +0 dagger
  2300 | D:3      | Reached skill level 5 in Axes
  2431 | D:3      | Identified a +0 short sword
  2510 | D:3      | Identified a +0 club
  2653 | D:3      | Identified a +0 cloak (You found it on level 3 of the
                  | Dungeon)
  2932 | D:4      | Identified a +0 leather armour
  2932 | D:4      | Identified a +0 mace
  2932 | D:4      | Identified a +0 scale mail
  2932 | D:4      | Identified a +0 dagger
  2935 | D:4      | Identified a +0 spear
  2942 | D:4      | Identified a +0 club
  2944 | D:4      | Identified a +0 spear
  2945 | D:4      | Reached XP level 6. HP: 45/55 MP: 6/6
  3239 | D:4      | Reached skill level 5 in Fighting
  3263 | D:4      | Found Xewontat's Jewellery Shoppe.
  3286 | D:4      | Reached skill level 6 in Axes
  3349 | D:4      | Reached XP level 7. HP: 42/61 MP: 7/7
  3409 | D:4      | Identified a +0 club
  3409 | D:4      | Identified a +0 leather armour
  3410 | D:4      | Identified a +0 war axe
  3411 | D:4      | Identified a +0 scale mail
  3779 | D:5      | Entered Level 5 of the Dungeon
  3779 | D:5      | Identified a +0 shortbow
  3790 | D:5      | Reached skill level 5 in Shields
  3792 | D:5      | Reached skill level 5 in Armour
  3806 | D:5      | Identified 4 scrolls of remove curse
  3807 | D:5      | Identified a ring of protection from fire (You found it on
                  | level 5 of the Dungeon)
  3839 | D:5      | Identified a +0 hand axe
  3839 | D:5      | Identified a +0 leather armour
  3840 | D:5      | Identified a +0 hand axe
  3840 | D:5      | Identified a +0 leather armour
  3841 | D:5      | Identified a +0 dagger
  3841 | D:5      | Identified a +0 robe
  3842 | D:5      | Identified a +0 ring mail
  3842 | D:5      | Noticed Ijyb
  3846 | D:4      | Reached skill level 7 in Axes
  4095 | D:5      | Reached XP level 8. HP: 68/70 MP: 8/8
  4098 | D:5      | Killed Ijyb
  4098 | D:5      | Reached skill level 6 in Fighting
  4122 | D:5      | Identified a +0 club
  4172 | D:5      | Identified a +0 short sword
  4176 | D:5      | Identified a +0 dagger
  4176 | D:5      | Identified a +0 robe
  4195 | D:5      | Reached skill level 8 in Axes
  4254 | D:5      | Identified a +1 whip of freezing
  4254 | D:5      | Identified a +0 robe
  4254 | D:5      | Noticed Pikel
  4294 | D:4      | Killed Pikel
  4294 | D:4      | Reached skill level 9 in Axes
  4294 | D:4      | Reached skill level 6 in Armour
  4294 | D:4      | Reached skill level 6 in Shields
  4338 | D:5      | Found a hazy altar of Hepliaklqana.
  4511 | D:6      | Identified a +0 shortbow
  4568 | D:6      | Identified a +0 short sword
  4568 | D:6      | Identified a +0 chain mail
  4568 | D:6      | Noticed Duvessa
  4570 | D:6      | Identified a +0 dagger
  4570 | D:6      | Identified a +0 robe
  4570 | D:6      | Noticed Dowan
  4589 | D:6      | Killed Duvessa
  4589 | D:6      | Reached skill level 7 in Fighting
  4589 | D:6      | Reached XP level 9. HP: 73/79 MP: 9/9
  4594 | D:6      | Killed Dowan
  4711 | D:6      | Reached skill level 10 in Axes
  4878 | D:6      | Identified an amulet of the acrobat (You found it on level
                  | 6 of the Dungeon)
  4880 | D:6      | Identified 2 potions of haste
  4881 | D:6      | Identified 3 potions of mutation
  4882 | D:6      | Identified 2 potions of magic
  4883 | D:6      | Identified 2 potions of flight
  5060 | D:6      | Found a glowing golden altar of the Shining One.
  5191 | D:7      | Identified a +0 tower shield (You found it on level 7 of
                  | the Dungeon)
  5212 | D:7      | Identified a cursed +0 club
  5264 | D:7      | Identified a +0 dagger
  5264 | D:7      | Identified a +0 ring mail
  5265 | D:7      | Identified a +0 mace
  5265 | D:7      | Identified a +0 chain mail
  5265 | D:7      | Identified a +0 dagger
  5265 | D:7      | Identified a +0 robe
  5367 | D:7      | Reached skill level 7 in Shields
  5512 | D:7      | Found a basalt altar of Yredelemnul.
  5515 | D:7      | Found a radiant altar of Vehumet.
  5515 | D:7      | Found a shadowy altar of Dithmenos.
  5524 | D:7      | Found a shimmering blue altar of Sif Muna.
  5527 | D:7      | Found an opulent altar of Gozag.
  5582 | D:7      | Identified a +0 dagger
  5582 | D:7      | Identified a +0 robe
  5589 | D:7      | Reached skill level 7 in Armour
  5614 | D:7      | Found a sacrificial altar of Ru.
  5676 | D:7      | Identified a +0 club
  5682 | D:7      | Identified a +0 trident
  5737 | D:7      | Became a worshipper of Ru the Awakened
  5753 | D:8      | Identified a cursed -1 giant club
  5771 | D:8      | Reached skill level 8 in Fighting
  5771 | D:8      | Reached skill level 11 in Axes
  5782 | D:8      | Reached XP level 10. HP: 32/88 MP: 10/10
  6037 | D:8      | Identified a +0 dagger
  6037 | D:8      | Identified a +0 dagger
  6298 | D:8      | Found a shadowy altar of Dithmenos.
  6400 | D:8      | Reached skill level 12 in Axes
  6410 | D:8      | Reached skill level 8 in Shields
  6419 | D:8      | Reached skill level 8 in Armour
  6441 | D:8      | Found a hide-covered altar of Uskayaw.
  6463 | D:8      | Found a shattered altar of Ashenzari.
  6617 | D:8      | Identified a +4 dire flail of freezing
  6617 | D:8      | Identified a +0 robe
  6618 | D:8      | Identified a +4 battleaxe
  6618 | D:8      | Identified a +0 robe
  6620 | D:8      | Identified a +3 halberd of freezing
  6620 | D:8      | Identified a +0 robe
  6629 | D:8      | Reached skill level 9 in Fighting
  6784 | D:9      | Identified a +0 flail
  6784 | D:9      | Identified a cursed +0 robe
  6786 | D:9      | Identified a +6 battleaxe
  6786 | D:9      | Identified a +0 robe
  6786 | D:9      | Identified a +1 long sword
  6786 | D:9      | Identified a +0 robe
  6798 | D:9      | Identified a cursed +0 flail
  6798 | D:9      | Identified a +0 robe
  6799 | D:9      | Identified a cursed +0 dire flail
  6799 | D:9      | Identified a +0 robe
  6800 | D:9      | Identified a +0 mace
  6800 | D:9      | Identified a +0 dagger
  6803 | D:9      | Identified a +0 dagger
  6803 | D:9      | Identified a +0 robe
  6804 | D:9      | Identified a +0 scimitar
  6804 | D:9      | Identified a +0 chain mail
  6804 | D:9      | Identified a +0 dagger
  6804 | D:9      | Identified a +0 robe
  6913 | D:9      | Identified a +2 dagger of chaos
  6913 | D:9      | Identified a +2 robe of cold resistance
  6913 | D:9      | Noticed Psyche
  6932 | D:10     | Entered Level 10 of the Dungeon
  6965 | D:10     | Identified a +2 morningstar of draining
  6965 | D:10     | Noticed a gargoyle
  6969 | D:10     | Killed a gargoyle
  7108 | D:10     | Identified a +0 mace
  7108 | D:10     | Identified a +0 scale mail
  7136 | D:10     | Identified a cursed +0 club
  7136 | D:10     | Identified a +0 leather armour
  7147 | D:10     | Gained mutation: You are frail. (-10% HP) [Ru sacrifice]
  7147 | D:10     | Reached * piety under Ru
  7147 | D:10     | Reached ** piety under Ru
  7197 | D:10     | Identified a +0 giant club
  7197 | D:10     | Identified a +0 giant spiked club
  7197 | D:10     | Noticed a two-headed ogre
  7200 | D:10     | Identified a +0 dagger
  7200 | D:10     | Identified a +0 robe
  7205 | D:10     | Identified a +0 scimitar
  7205 | D:10     | Identified a +0 chain mail
  7205 | D:10     | Identified a +0 dagger
  7205 | D:10     | Identified a +0 robe
  7221 | D:10     | HP: 12/81 [two-headed ogre/+0 giant club (22)]
  7221 | D:10     | HP: 4/81 [two-headed ogre/+0 giant club (8)]
  7223 | D:10     | Killed a two-headed ogre
  7223 | D:10     | Reached skill level 13 in Axes
  7223 | D:10     | Reached XP level 11. HP: 5/87 MP: 11/11
  7232 | D:10     | Identified a +0 leather armour
  7237 | D:10     | Identified a +2 vampiric dagger
  7237 | D:10     | Identified a +0 robe
  7238 | D:10     | Identified a +0 dagger
  7238 | D:10     | Identified a +0 robe
  7239 | D:10     | HP: 3/87 [orc wizard/puff of flame (5)]
  7267 | D:10     | Identified a +0 trident
  7267 | D:10     | Identified a +0 plate armour
  7269 | D:10     | Identified a +0 short sword
  7270 | D:10     | Identified a +0 dagger of draining
  7270 | D:10     | Identified a +0 robe
  7270 | D:10     | Identified a +0 leather armour
  7282 | D:9      | HP: 21/87 [killer bee (6)]
  7283 | D:9      | HP: 7/87 [killer bee (5)]
  7285 | D:9      | Killed Psyche
  7288 | D:9      | Reached skill level 9 in Shields
  7288 | D:9      | HP: 6/89 [killer bee (6)]
  7288 | D:9      | HP: 1/89 [killer bee (5)]
  7293 | D:9      | HP: 16/89 [poisoned by a killer bee]
  7295 | D:9      | HP: 7/89 [poisoned by a killer bee]
  7345 | D:9      | Identified a +0 giant spiked club
  7352 | D:9      | Reached skill level 9 in Armour
  7597 | D:9      | Identified a +0 troll leather armour
  7653 | D:9      | Identified a +0 shortbow
  7923 | D:9      | Found a burning altar of Makhleb.
  8178 | D:10     | Identified a +0 scale mail
  8178 | D:10     | Identified a +2 war axe of flaming
  8178 | D:10     | Identified a +0 chain mail
  8178 | D:10     | Identified a cursed -1 whip
  8179 | D:10     | Identified a +0 hand axe
  8206 | D:10     | Found a staircase to the Orcish Mines.
  8241 | D:10     | Noticed a brown ugly thing
  8261 | D:10     | Killed a brown ugly thing
  8261 | D:10     | Reached skill level 10 in Fighting
  8462 | D:10     | Found Xifo's Armour Boutique.
  8486 | D:10     | Reached skill level 14 in Axes
  8489 | D:10     | Identified a +0 dagger
  8489 | D:10     | Identified a +0 ring mail
  8498 | D:10     | Identified +0 steam dragon scales
  8512 | D:10     | Identified an amulet of inaccuracy (You found it on level 8
                  | of the Dungeon)
  8631 | D:4      | Bought the ring "Gonn" {*Drain +Fly rC+ EV+4 Str+4} for 603
                  | gold pieces
  9121 | D:10     | Identified a +2 dagger of venom
  9121 | D:10     | Identified a +0 robe
  9122 | D:10     | Identified a +0 trident
  9122 | D:10     | Identified a +0 leather armour
  9232 | D:11     | Identified 5 scrolls of teleportation
  9233 | D:11     | Identified 6 scrolls of enchant armour
  9236 | D:11     | Noticed a red ugly thing
  9266 | D:11     | Killed a red ugly thing
  9379 | D:11     | Identified a cursed +4 hand axe
  9379 | D:11     | Identified a +0 robe
  9379 | D:11     | Identified a cursed +3 great sword
  9379 | D:11     | Identified a +0 robe
  9379 | D:11     | Identified a cursed +0 war axe
  9379 | D:11     | Identified a +0 robe
  9379 | D:11     | Identified a +4 flail of freezing
  9379 | D:11     | Identified a +0 robe
  9379 | D:11     | Identified a cursed +1 scimitar of freezing
  9379 | D:11     | Identified a +0 robe
  9386 | D:11     | Reached skill level 1 in Throwing
  9405 | D:11     | Identified a +0 short sword
  9405 | D:11     | Identified a +0 short sword
  9418 | D:11     | Identified an amulet of faith (You found it on level 11 of
                  | the Dungeon)
  9419 | D:11     | Identified 3 potions of degeneration
  9420 | D:11     | Identified a potion of resistance
  9421 | D:11     | Identified a potion of stabbing
  9422 | D:11     | Identified a potion of ambrosia
  9423 | D:11     | Identified a scroll of random uselessness
  9448 | D:11     | Got a scorched chain mail
  9459 | D:11     | Identified the +1 chain mail "Ucaost" {*Corrode rElec rN+
                  | Dex+4} (You found it on level 11 of the Dungeon)
  9520 | D:11     | Noticed a death yak
  9535 | D:11     | Killed a death yak
  9541 | D:11     | Found a staircase to the Lair.
  9544 | D:11     | Noticed a death yak
  9544 | D:11     | Noticed a death yak
  9559 | D:11     | Killed a death yak
  9563 | D:11     | Killed a death yak
  9563 | D:11     | Reached skill level 2 in Throwing
  9577 | D:11     | Found a flagged portal.
  9586 | Bailey   | Entered a bailey
  9586 | Bailey   | Identified a +0 halberd
  9586 | Bailey   | Identified a +0 chain mail
  9586 | Bailey   | Identified a +0 spear
  9586 | Bailey   | Identified a +0 chain mail
  9586 | Bailey   | Identified a +0 trident
  9586 | Bailey   | Identified a +0 chain mail
  9586 | Bailey   | Identified a +0 spear
  9586 | Bailey   | Identified a +0 ring mail
  9586 | Bailey   | Identified a +0 halberd
  9586 | Bailey   | Identified a +0 chain mail
  9587 | Bailey   | Identified a +0 halberd
  9587 | Bailey   | Identified a +0 chain mail
  9588 | Bailey   | Identified a +0 trident
  9588 | Bailey   | Identified a +0 chain mail
  9588 | Bailey   | Identified a +0 trident
  9588 | Bailey   | Identified a +0 scale mail
  9589 | Bailey   | Identified a +0 spear
  9589 | Bailey   | Identified a +0 chain mail
  9597 | Bailey   | Identified a +0 trident
  9597 | Bailey   | Identified a cursed +0 chain mail
  9602 | Bailey   | Identified a +0 halberd
  9602 | Bailey   | Identified a +0 scale mail
  9617 | Bailey   | Identified a +0 trident
  9617 | Bailey   | Identified a +0 ring mail
  9732 | Bailey   | Identified a +0 spear
  9732 | Bailey   | Identified a +0 scale mail
  9744 | Bailey   | Identified a +0 glaive
  9744 | Bailey   | Identified a +0 scale mail
  9744 | Bailey   | Identified a +0 spear
  9744 | Bailey   | Identified a +0 ring mail
  9814 | Bailey   | Identified a +0 halberd
  9814 | Bailey   | Identified a +0 scale mail
  9831 | Bailey   | Identified a +0 halberd
  9831 | Bailey   | Identified a +0 ring mail
  9835 | Bailey   | Identified a +0 halberd
  9835 | Bailey   | Identified a +0 chain mail
  9840 | Bailey   | Identified a cursed -1 spear
  9840 | Bailey   | Identified a +0 chain mail
  9844 | Bailey   | Identified a +0 glaive
  9844 | Bailey   | Identified a +0 ring mail
  9865 | Bailey   | Identified a +0 bardiche
  9865 | Bailey   | Identified a +0 ring mail
  9944 | Bailey   | Gained mutation: You have sharp toenails. [potion of
                  | mutation]
  9944 | Bailey   | Gained mutation: You can translocate small distances at
                  | will. [potion of mutation]
  9944 | Bailey   | Gained mutation: You are partially covered in iridescent
                  | scales. (AC +2) [potion of mutation]
  9945 | Bailey   | Gained mutation: You cannot be stealthy. [Ru sacrifice]
  9952 | Bailey   | Identified a +0 glaive
  9952 | Bailey   | Identified a +0 ring mail
  9969 | Bailey   | Identified a +0 spear
  9969 | Bailey   | Identified a +0 crystal plate armour
  9975 | Bailey   | Identified a +0 halberd
  9975 | Bailey   | Identified a +0 scale mail
  9982 | Bailey   | Identified a +3 trident
  9982 | Bailey   | Identified a +0 ring mail
  9982 | Bailey   | Identified a +0 trident
  9982 | Bailey   | Identified a +0 plate armour
  9984 | Bailey   | Identified a +0 trident
  9984 | Bailey   | Identified a +0 ring mail
  9984 | Bailey   | Identified a +0 halberd
  9984 | Bailey   | Identified a +0 chain mail
  9986 | Bailey   | Identified a +0 halberd
  9986 | Bailey   | Identified a +0 chain mail
 10001 | Bailey   | Reached XP level 12. HP: 74/97 MP: 12/12
 10105 | Bailey   | Identified a +0 trident
 10105 | Bailey   | Identified a +0 ring mail
 10131 | Bailey   | Identified a +0 spear
 10131 | Bailey   | Identified a +0 chain mail
 10134 | Bailey   | Identified a +0 halberd
 10134 | Bailey   | Identified a +0 scale mail
 10137 | Bailey   | Identified a +0 spear
 10137 | Bailey   | Identified a +0 plate armour
 10160 | Bailey   | Identified a +0 trident
 10160 | Bailey   | Identified a +0 scale mail
 10217 | Bailey   | Identified a +0 trident
 10217 | Bailey   | Identified a +0 chain mail
 10304 | Bailey   | Identified a +0 spear
 10304 | Bailey   | Identified a +0 ring mail
 10330 | Bailey   | Identified a +0 spear
 10330 | Bailey   | Identified a +0 scale mail
 10332 | Bailey   | Identified a +0 spear
 10332 | Bailey   | Identified a +0 scale mail
 10336 | Bailey   | Reached skill level 15 in Axes
 10343 | Bailey   | Identified a +0 trident
 10343 | Bailey   | Identified a +0 scale mail
 10816 | Bailey   | Identified 4 scrolls of noise
 10817 | Bailey   | Identified 3 scrolls of fog
 10873 | D:11     | Identified a ring of positive energy (You found it on level
                  | 11 of the Dungeon)
 11265 | D:11     | Reached skill level 10 in Armour
 11319 | D:11     | Reached skill level 10 in Shields
 11379 | D:11     | Noticed a shambling mangrove
 11379 | D:11     | an oklob plant changed into a shambling mangrove
 11439 | D:11     | Killed a shambling mangrove
 11439 | D:11     | Reached skill level 3 in Throwing
 11893 | Lair:1   | Entered Level 1 of the Lair of Beasts
 11915 | Lair:1   | Reached skill level 11 in Fighting
 12237 | Lair:1   | Reached skill level 4 in Throwing
 12239 | Lair:1   | Reached skill level 16 in Axes
 12935 | Lair:2   | Identified a ring of fire (You found it on level 1 of the
                  | Lair of Beasts)
 12939 | Lair:2   | Identified a ring of resist corrosion (You found it on
                  | level 11 of the Dungeon)
 12941 | Lair:2   | Identified a ring of intelligence (You found it on level 2
                  | of the Lair of Beasts)
 13498 | Lair:2   | Reached skill level 1 in Evocations
 13528 | Lair:2   | Reached XP level 13. HP: 92/104 MP: 14/14
 13707 | Lair:2   | Reached skill level 2 in Evocations
 13790 | Lair:3   | Gained mutation: You cannot study or cast Fire magic. [Ru
                  | sacrifice]
 13790 | Lair:3   | Gained mutation: You cannot study or cast Necromancy magic.
                  | [Ru sacrifice]
 13790 | Lair:3   | Gained mutation: You cannot study or cast Translocations
                  | magic. [Ru sacrifice]
 13790 | Lair:3   | Reached *** piety under Ru
 14142 | Lair:3   | Reached skill level 11 in Armour
 14606 | Lair:4   | Found a staircase to the Shoals.
 14606 | Lair:4   | Identified a +0 shortbow
 14606 | Lair:4   | Identified a +0 shortbow
 14606 | Lair:4   | Identified a +0 shortbow
 14616 | Lair:4   | Reached skill level 5 in Throwing
 14616 | Lair:4   | Reached skill level 11 in Shields
 14743 | Lair:4   | Found a staircase to the Snake Pit.
 14837 | Lair:4   | Identified a ring of teleportation (You found it on level 4
                  | of the Lair of Beasts)
 14879 | Lair:4   | Reached skill level 3 in Evocations
 14894 | Lair:4   | Got a bound turquoise ring
 15440 | Lair:4   | Identified a +3 chain mail (You found it on level 4 of the
                  | Lair of Beasts)
 15549 | Lair:5   | Found a viscous altar of Jiyva.
 15549 | Lair:5   | Found a staircase to the Slime Pits.
 15630 | Lair:5   | Reached skill level 12 in Fighting
 15630 | Lair:5   | Reached skill level 17 in Axes
 16049 | Lair:5   | Identified an amulet of reflection (You found it on level 5
                  | of the Lair of Beasts)
 16168 | Lair:5   | Reached skill level 4 in Evocations
 16196 | Lair:5   | Reached XP level 14. HP: 41/113 MP: 17/17
 16691 | Lair:5   | Identified the ring "Acvogg" {rC+++ Str+6 Int-5} (You found
                  | it on level 4 of the Lair of Beasts)
 16718 | Lair:6   | Entered Level 6 of the Lair of Beasts
 16844 | Lair:6   | Reached skill level 6 in Throwing
 17200 | Lair:6   | Reached skill level 18 in Axes
 17271 | Lair:6   | Reached skill level 5 in Evocations
 17358 | Lair:6   | Identified a +1 battleaxe of flaming (You found it on level
                  | 6 of the Lair of Beasts)
 17611 | Lair:6   | Reached skill level 12 in Armour
 17664 | Lair:6   | Reached skill level 12 in Shields
 18380 | D:11     | Identified 2 potions of lignification
 18381 | D:11     | Identified a potion of berserk rage
 18383 | D:11     | Identified a scroll of silence
 18384 | D:11     | Identified a scroll of immolation
 18430 | Orc:1    | Entered Level 1 of the Orcish Mines
 18430 | Orc:1    | Identified a +0 giant club
 18430 | Orc:1    | Identified a +0 giant club
 18430 | Orc:1    | Identified a +0 dire flail
 18430 | Orc:1    | Identified a +0 plate armour
 18430 | Orc:1    | Identified a +0 flail
 18430 | Orc:1    | Identified a +0 leather armour
 18430 | Orc:1    | Identified a +0 dagger
 18430 | Orc:1    | Identified a +0 robe
 18430 | Orc:1    | Identified a +0 hand axe
 18430 | Orc:1    | Identified a +0 ring mail
 18430 | Orc:1    | Identified a +0 hand axe
 18430 | Orc:1    | Identified a +0 scale mail
 18432 | Orc:1    | Identified a +0 mace
 18432 | Orc:1    | Identified a +0 plate armour
 18433 | Orc:1    | Identified a +0 dagger
 18435 | Orc:1    | Identified a +0 dagger
 18435 | Orc:1    | Identified a +0 robe
 18473 | Orc:1    | Identified a +0 giant club
 18473 | Orc:1    | Identified a +0 flail
 18473 | Orc:1    | Identified a +0 chain mail
 18475 | Orc:1    | Identified a +0 hand axe
 18476 | Orc:1    | Identified a +0 leather armour
 18478 | Orc:1    | Identified a +0 war axe
 18478 | Orc:1    | Identified a +0 ring mail
 18479 | Orc:1    | Identified a cursed +0 giant club
 18481 | Orc:1    | Identified a +0 leather armour
 18481 | Orc:1    | Identified a +0 falchion
 18482 | Orc:1    | Identified a +2 vorpal dire flail
 18482 | Orc:1    | Identified a +0 giant spiked club
 18483 | Orc:1    | Identified a +0 halberd
 18483 | Orc:1    | Identified a +2 robe of fire resistance
 18483 | Orc:1    | Identified a +0 giant club
 18483 | Orc:1    | Identified a +0 giant club
 18485 | Orc:1    | Identified a +0 flail
 18485 | Orc:1    | Identified a +0 plate armour
 18490 | Orc:1    | Identified a +0 ring mail
 18491 | Orc:1    | Identified a +0 giant club
 18506 | Orc:1    | Identified a +0 dagger
 18506 | Orc:1    | Identified a +0 robe
 18508 | Orc:1    | Identified a +0 dagger
 18508 | Orc:1    | Identified a +0 ring mail
 18522 | Orc:1    | Identified a +0 dagger
 18522 | Orc:1    | Identified a +1 robe of positive energy
 18601 | Orc:1    | Identified a +0 flail
 18601 | Orc:1    | Identified a +0 plate armour
 18689 | Orc:1    | Identified a +0 hand axe
 18689 | Orc:1    | Identified a +0 dagger
 18689 | Orc:1    | Identified a +0 robe
 18689 | Orc:1    | Identified a +0 antimagic battleaxe
 18689 | Orc:1    | Identified a +0 plate armour
 18721 | Orc:1    | Identified a +0 flail
 18721 | Orc:1    | Identified a cursed +0 plate armour
 18722 | Orc:1    | Identified a +0 dagger
 18722 | Orc:1    | Identified a +0 robe
 18723 | Orc:1    | Identified a +0 dagger
 18723 | Orc:1    | Identified a +0 robe
 18909 | Orc:1    | Identified a +0 troll leather armour
 18909 | Orc:1    | Reached skill level 13 in Fighting
 19044 | Orc:1    | Identified a +0 great mace
 19044 | Orc:1    | Identified a +0 chain mail
 19044 | Orc:1    | Identified a +0 dagger
 19044 | Orc:1    | Identified a +0 robe
 19044 | Orc:1    | Identified a +0 flail
 19044 | Orc:1    | Identified a +0 plate armour
 19045 | Orc:1    | Identified a +0 short sword
 19045 | Orc:1    | Identified a +0 chain mail
 19047 | Orc:1    | Identified a +0 scimitar
 19047 | Orc:1    | Identified a +0 chain mail
 19050 | Orc:1    | Identified a +0 whip
 19050 | Orc:1    | Identified a cursed +0 scale mail
 19140 | Orc:1    | Found a radiant altar of Vehumet.
 19219 | Orc:2    | Entered Level 2 of the Orcish Mines
 19219 | Orc:2    | Identified a +0 great sword
 19219 | Orc:2    | Identified a +0 plate armour
 19219 | Orc:2    | Noticed an orc warlord
 19219 | Orc:2    | Identified a cursed -3 club
 19219 | Orc:2    | Identified a +2 short sword of holy wrath
 19219 | Orc:2    | Identified a +0 trident
 19220 | Orc:2    | Identified a +0 falchion
 19220 | Orc:2    | Identified a +0 leather armour
 19220 | Orc:2    | Identified a +0 short sword
 19220 | Orc:2    | Identified a +0 plate armour
 19221 | Orc:2    | Identified a +0 giant club
 19221 | Orc:2    | Identified a +0 robe
 19221 | Orc:2    | Noticed Erolcha
 19221 | Orc:2    | Identified a +0 leather armour
 19221 | Orc:2    | Identified a cursed -3 short sword
 19222 | Orc:2    | Identified a +0 dagger
 19224 | Orc:2    | Identified a +0 giant club
 19224 | Orc:2    | Identified a +2 dagger of protection
 19224 | Orc:2    | Identified a +0 robe
 19227 | Orc:2    | Identified a +0 short sword
 19227 | Orc:2    | Identified a +0 chain mail
 19262 | Orc:1    | Identified 4 scrolls of magic mapping
 19264 | Orc:1    | Identified 3 scrolls of fear
 19267 | Orc:2    | Identified a +0 mace
 19273 | Orc:1    | Killed Erolcha
 19278 | Orc:1    | Killed an orc warlord
 19305 | Orc:2    | Reached skill level 7 in Throwing
 19316 | Orc:2    | Identified a +1 vorpal shortbow
 19391 | Orc:2    | Found a staircase to the Elven Halls.
 19396 | Orc:2    | Identified a +2 shortbow of freezing
 19398 | Orc:2    | Identified a +0 vorpal shortbow
 19403 | Orc:2    | Identified a +0 vorpal shortbow
 19528 | Orc:2    | Found Tagaifoschi's Distillery.
 19564 | Orc:2    | Bought a potion of might for 52 gold pieces
 19564 | Orc:2    | Bought 2 potions of heal wounds for 130 gold pieces
 19579 | Orc:2    | Identified a +0 leather armour
 19579 | Orc:2    | Identified a +0 war axe
 19579 | Orc:2    | Identified a +0 ring mail
 19579 | Orc:2    | Identified a +0 dagger
 19581 | Orc:2    | Identified a +0 mace
 19581 | Orc:2    | Identified a +0 chain mail
 19690 | Orc:2    | Identified a +0 antimagic dagger
 19690 | Orc:2    | Identified a +0 robe
 19690 | Orc:2    | Identified a +0 dagger
 19690 | Orc:2    | Identified a +0 robe
 19691 | Orc:2    | Identified a +0 trident
 19691 | Orc:2    | Identified a +0 plate armour
 19736 | Orc:2    | Identified a +0 hand axe
 19736 | Orc:2    | Identified a +0 chain mail
 19736 | Orc:2    | Identified a +0 falchion
 19737 | Orc:2    | Identified a +0 dagger
 19737 | Orc:2    | Identified a +2 robe
 19737 | Orc:2    | Identified a +0 dagger
 19737 | Orc:2    | Identified a +0 robe
 19738 | Orc:2    | Identified a +0 dagger
 19738 | Orc:2    | Identified a +0 robe
 19741 | Orc:2    | Identified a +1 vorpal scimitar
 19741 | Orc:2    | Identified a +0 chain mail
 19743 | Orc:2    | Reached XP level 15. HP: 121/121 MP: 19/19
 19750 | Orc:2    | Found Gotinioq's Weapon Shop.
 19750 | Orc:2    | Identified a cursed +0 war axe
 19750 | Orc:2    | Identified a +0 chain mail
 19750 | Orc:2    | Identified a +0 flail
 19756 | Orc:2    | Identified a +0 hand axe
 19756 | Orc:2    | Identified a cursed -1 plate armour
 19758 | Orc:2    | Identified a +0 hand axe
 19758 | Orc:2    | Identified a +0 chain mail
 19760 | Orc:2    | Identified a +0 dagger
 19760 | Orc:2    | Identified a +0 robe
 19762 | Orc:2    | Identified a +0 war axe
 19762 | Orc:2    | Identified a +0 chain mail
 19762 | Orc:2    | Identified a +0 battleaxe
 19762 | Orc:2    | Identified a +0 chain mail
 19770 | Orc:2    | Reached skill level 6 in Evocations
 19772 | Orc:2    | Identified a +0 dagger
 19772 | Orc:2    | Identified a +0 robe
 19780 | Orc:2    | Identified a +0 dagger
 19780 | Orc:2    | Identified a +0 robe
 19781 | Orc:2    | Identified a +0 dagger
 19781 | Orc:2    | Identified a +0 robe
 19781 | Orc:2    | Identified a +0 long sword
 19781 | Orc:2    | Identified a +0 plate armour
 19786 | Orc:2    | Identified a +0 dagger
 19786 | Orc:2    | Identified a +2 robe
 19788 | Orc:2    | Identified a +0 glaive
 19788 | Orc:2    | Identified a +0 chain mail
 19789 | Orc:2    | Identified a +2 great sword
 19789 | Orc:2    | Identified a +0 plate armour
 19791 | Orc:2    | Identified a +0 whip
 19791 | Orc:2    | Identified a +0 ring mail
 19792 | Orc:2    | Identified a +0 trident
 19793 | Orc:2    | Identified a cursed +0 glaive
 19793 | Orc:2    | Identified a +0 ring mail
 19814 | Orc:2    | Identified a +2 long sword
 19814 | Orc:2    | Identified a +0 chain mail
 19839 | Orc:2    | Identified a +0 trident
 19843 | Orc:2    | HP: 30/122 [something (21)]
 20262 | Orc:2    | Identified a +0 dagger
 20344 | Orc:2    | Found Otiesch's Food Shop.
 20346 | Orc:2    | Found Xuegyud's Book Emporium.
 20352 | Orc:2    | Found Olynit's Jewellery Emporium.
 20581 | Orc:1    | Identified a +0 long sword
 20581 | Orc:1    | Identified a +0 plate armour
 20581 | Orc:1    | Identified a +0 short sword
 20581 | Orc:1    | Identified a +0 leather armour
 20581 | Orc:1    | Identified a +0 dagger
 20581 | Orc:1    | Identified a +0 robe
 20581 | Orc:1    | Identified a +0 flail
 20581 | Orc:1    | Identified a +0 falchion
 20699 | D:12     | Identified a cursed -2 dagger
 20754 | D:12     | Identified a cursed -3 hand axe
 20754 | D:12     | Identified a cursed +0 ring mail
 20754 | D:12     | Identified a +0 dagger
 20754 | D:12     | Identified a +0 robe
 20758 | D:12     | Identified a +0 dagger
 20758 | D:12     | Identified a +0 robe
 20762 | D:12     | Identified a +0 dagger
 20762 | D:12     | Identified a +0 robe of magic resistance
 20765 | D:12     | Identified a +0 glaive
 20765 | D:12     | Identified a +0 plate armour of poison resistance
 20819 | D:12     | Identified a +0 dagger
 20819 | D:12     | Identified a +0 leather armour
 20819 | D:12     | Identified a +0 mace
 20819 | D:12     | Identified a +2 leather armour of magic resistance
 20819 | D:12     | Identified a +0 dagger
 20819 | D:12     | Identified a +0 robe
 20834 | D:12     | Identified a +2 battleaxe of venom
 20834 | D:12     | Identified a +0 chain mail
 20834 | D:12     | Identified a +0 whip
 20834 | D:12     | Identified a +0 leather armour
 21176 | D:12     | Identified a +0 shortbow
 21179 | D:12     | Identified a +0 shortbow
 21179 | D:12     | Identified a +0 shortbow
 21180 | D:12     | Identified a +0 shortbow
 21180 | D:12     | Identified a +0 shortbow
 21182 | D:12     | Identified a +0 shortbow
 21186 | D:12     | Identified a +0 giant club
 21186 | D:12     | Identified a +0 giant spiked club
 21194 | D:12     | Reached skill level 19 in Axes
 21215 | D:12     | Identified a +0 giant spiked club
 21215 | D:12     | Identified a +0 giant club
 21219 | D:12     | Identified a +0 dagger of venom
 21230 | D:12     | Identified a +0 club
 21233 | D:12     | Identified a cursed -2 dagger
 21233 | D:12     | Identified a +0 robe
 21233 | D:12     | Identified a +0 falchion
 21433 | D:12     | Identified a +2 short sword of distortion
 21433 | D:12     | Noticed Sonja
 21438 | D:12     | Killed Sonja
 21700 | D:13     | Identified a +0 shortbow
 21749 | D:13     | Identified a +0 scimitar of flaming
 21809 | D:13     | Found a runed translucent door.
 21810 | D:13     | Noticed protoss039's ghost (journeyman DEEE)
 21862 | D:13     | Found Railul's Assorted Antiques.
 21870 | D:13     | Bought a scroll of teleportation for 87 gold pieces
 21870 | D:13     | Bought a scroll labeled ODUFIS PYCICO for 29 gold pieces
 21870 | D:13     | Identified 2 scrolls of torment
 21871 | D:13     | Identified 3 scrolls of amnesia
 21872 | D:13     | Identified 2 scrolls of blinking
 22011 | D:13     | Identified a +0 giant club
 22011 | D:13     | Identified a +0 giant spiked club
 22042 | D:13     | Identified a +6 long sword
 22066 | D:13     | Identified a +0 longbow
 22069 | D:13     | Gained mutation: You cannot train Dodging skill. [Ru
                  | sacrifice]
 22069 | D:13     | Reached **** piety under Ru
 22069 | D:13     | Reached ***** piety under Ru
 22069 | D:13     | Identified a +6 long sword
 22076 | D:13     | Found a gate to the Vaults.
 22109 | D:13     | Identified a +0 flail
 22110 | D:13     | Identified a cursed -1 short sword
 22110 | D:13     | Identified a +0 chain mail
 22115 | D:13     | Identified a +0 giant club
 22115 | D:13     | Identified a +0 dire flail
 22123 | D:13     | Identified a cursed -1 war axe
 22129 | D:13     | Identified a +0 troll leather armour
 22143 | D:13     | Identified a +0 club
 22147 | D:13     | Identified a +0 short sword
 22147 | D:13     | Identified a +0 leather armour
 22152 | D:13     | Identified a +0 falchion
 22152 | D:13     | Identified a +0 chain mail
 22152 | D:13     | Identified a +0 flail
 22152 | D:13     | Identified a +0 ring mail
 22191 | D:13     | Identified a +0 vorpal battleaxe
 22191 | D:13     | Identified a +0 ring mail
 22191 | D:13     | Noticed Rupert
 22191 | D:13     | Paralysed by Rupert for 2 turns
 22202 | D:13     | Killed Rupert
 22473 | D:14     | Identified a +0 shortbow
 22496 | D:14     | Reached skill level 7 in Evocations
 22696 | D:14     | Identified a +0 vorpal falchion
 22696 | D:14     | Identified a +0 robe
 22698 | D:14     | Identified a cursed +0 halberd
 22698 | D:14     | Identified a +0 robe
 22702 | D:14     | Identified a +0 dagger
 22702 | D:14     | Identified a +0 robe
 22703 | D:14     | Identified a +0 dire flail
 22703 | D:14     | Identified a +0 robe
 22703 | D:14     | Identified a +1 falchion
 22703 | D:14     | Identified a +0 robe
 22914 | D:14     | Reached skill level 8 in Throwing
 22927 | D:14     | Noticed Roxanne
 22938 | D:14     | Killed Roxanne
 23226 | D:15     | Entered Level 15 of the Dungeon
 23238 | D:15     | Identified a +0 long sword
 23238 | D:15     | Identified a +0 robe
 23238 | D:15     | Identified a +0 dagger
 23238 | D:15     | Identified a +0 robe
 23241 | D:15     | Reached skill level 13 in Armour
 23284 | D:15     | Reached XP level 16. HP: 130/130 MP: 21/21
 23331 | D:15     | Identified a +0 long sword
 23331 | D:15     | Identified a +0 arbalest
 23331 | D:15     | Identified a +0 ring mail
 23334 | D:15     | Identified a +0 giant club
 23334 | D:15     | Identified a +0 giant club
 23348 | D:15     | Reached skill level 13 in Shields
 23362 | D:15     | Identified a +0 dagger
 23362 | D:15     | Identified a +0 robe
 23372 | D:15     | Identified a +0 robe
 23377 | D:15     | Reached skill level 14 in Fighting
 23393 | D:15     | Identified a +0 long sword
 23393 | D:15     | Identified a +0 chain mail
 23510 | D:15     | Found an opulent altar of Gozag.
 23512 | D:15     | Identified a +0 longbow
 23849 | D:15     | Found a staircase to the Depths.
 23849 | D:15     | Identified a +0 arbalest
 23857 | D:15     | Reached skill level 20 in Axes
 23862 | D:15     | Identified a +0 shortbow
 24006 | D:15     | Identified a +0 arbalest
 24275 | Snake:1  | Entered Level 1 of the Snake Pit
 24409 | Snake:1  | Identified a +0 halberd
 24409 | Snake:1  | Identified a +1 arbalest of flaming
 24482 | Snake:1  | Identified a +0 spear
 24482 | Snake:1  | Identified a +0 robe
 24515 | Snake:1  | Identified a +0 spear
 24622 | Snake:1  | Identified a +2 dire flail of protection
 24622 | Snake:1  | Identified a +0 ring mail
 24622 | Snake:1  | Noticed Frances
 24629 | Snake:1  | Killed Frances
 24639 | Snake:1  | Identified a +4 trident
 24650 | Snake:1  | Identified a +1 dagger of venom
 24650 | Snake:1  | Identified a +0 robe
 24655 | Snake:1  | Identified a +0 halberd
 24655 | Snake:1  | Identified a +0 robe
 24809 | Snake:1  | Identified a +0 halberd
 24818 | Snake:1  | Identified a +2 shortbow of flaming
 24818 | Snake:1  | Identified a +2 long sword of draining
 24818 | Snake:1  | Identified a +0 kite shield
 24823 | Snake:1  | Identified a +0 mace
 24823 | Snake:1  | Identified a +0 robe
 24827 | Snake:1  | Identified a cursed -2 spear
 24827 | Snake:1  | Identified a +0 robe
 24827 | Snake:1  | Identified a +0 hand axe
 24827 | Snake:1  | Identified a +0 robe
 24831 | Snake:1  | Reached skill level 8 in Evocations
 24859 | Snake:1  | Identified a +0 halberd
 24859 | Snake:1  | Identified a +0 robe
 25127 | Snake:1  | Identified a +0 robe
 25519 | Snake:1  | Identified a +0 flail
 25615 | Snake:2  | Identified a +0 flail
 25615 | Snake:2  | Identified a +2 robe of magic resistance
 25696 | Snake:2  | Identified a +0 dire flail
 25727 | Snake:2  | Identified a +2 vorpal halberd
 25727 | Snake:2  | Identified a +0 robe
 25727 | Snake:2  | Noticed a nagaraja
 25788 | Snake:2  | Killed a nagaraja
 25888 | Snake:2  | Identified a cursed -3 mace
 25917 | Snake:2  | Identified a +0 halberd
 25936 | Snake:2  | Identified a +0 long sword
 25936 | Snake:2  | Identified a +1 robe of fire resistance
 25965 | Snake:2  | Identified a +2 dire flail of protection
 25999 | Snake:2  | Found Nodel's Jewellery Emporium.
 25999 | Snake:2  | Found Fanlin's Weapon Shoppe.
 26112 | Snake:2  | Identified a +0 dire flail
 26112 | Snake:2  | Identified a +1 trident of flaming
 26113 | Snake:2  | Identified a +3 hand axe
 26113 | Snake:2  | Identified a +0 shortbow
 26117 | Snake:2  | Identified a +0 scimitar
 26117 | Snake:2  | Identified a cursed -2 long sword
 26117 | Snake:2  | Identified a +0 whip
 26117 | Snake:2  | Identified a +0 halberd
 26117 | Snake:2  | Identified a +0 scimitar
 26117 | Snake:2  | Identified a +0 robe
 26351 | Snake:2  | Identified a +0 halberd
 26513 | Snake:2  | Identified a +0 mace
 26603 | Snake:2  | Identified a cursed -3 flail
 26603 | Snake:2  | Identified a +0 robe
 26826 | Snake:2  | Identified a +0 flail
 27122 | D:9      | Identified a +0 fustibalus (You found it on level 10 of the
                  | Dungeon)
 27596 | Snake:3  | Identified a +0 battleaxe
 27724 | Snake:3  | Identified a +0 dagger of venom
 27724 | Snake:3  | Identified a +0 robe
 27737 | Snake:3  | Reached skill level 1 in Slings
 27782 | Snake:3  | Found a flickering gateway to a bazaar.
 27782 | Snake:3  | Identified a +0 halberd
 27782 | Snake:3  | Identified a +0 robe
 27783 | Snake:3  | Identified a +2 trident of protection
 27783 | Snake:3  | Identified a +0 robe
 27784 | Snake:3  | Identified a +0 war axe
 27784 | Snake:3  | Identified a +0 kite shield
 27805 | Bazaar   | Entered a bazaar
 27805 | Bazaar   | Found Kuleiby's Book Shop.
 27805 | Bazaar   | Found Ybaxtik's Book Shop.
 27939 | Snake:3  | Reached XP level 17. HP: 78/138 MP: 23/23
 27942 | Snake:3  | Identified a +0 halberd
 28215 | Snake:3  | Identified a +2 scimitar of venom
 28215 | Snake:3  | Identified a +0 robe
 28355 | Snake:3  | Reached skill level 2 in Slings
 28524 | Snake:3  | Identified a +0 dagger
 28524 | Snake:3  | Identified a +0 robe
 28531 | Snake:3  | Identified a +0 flail
 28531 | Snake:3  | Identified a +0 halberd
 29007 | Snake:4  | Entered Level 4 of the Snake Pit
 29093 | Snake:4  | Identified a scarf of harm (You found it on level 4 of the
                  | Snake Pit)
 29203 | Snake:4  | Identified a +0 spear
 29203 | Snake:4  | Identified a +0 robe
 29343 | Snake:4  | Identified a +0 quarterstaff
 29343 | Snake:4  | Identified a +0 robe
 29457 | Snake:4  | Identified a ring of attention (You found it on level 1 of
                  | the Snake Pit)
 29469 | Snake:4  | Identified a +0 flail
 29469 | Snake:4  | Identified a +0 robe
 29472 | Snake:4  | Identified a +0 spear
 29480 | Snake:4  | Identified a +0 flail
 29480 | Snake:4  | Identified a +0 robe
 29481 | Snake:4  | Identified a +0 spear
 29481 | Snake:4  | Identified a cursed +0 robe
 29482 | Snake:4  | Identified a cursed -1 halberd
 29486 | Snake:4  | Reached skill level 14 in Armour
 29504 | Snake:4  | Identified a +0 scimitar
 29504 | Snake:4  | Identified a +0 robe
 29505 | Snake:4  | Reached skill level 15 in Fighting
 29505 | Snake:4  | Reached skill level 3 in Slings
 29624 | Snake:4  | Identified a +0 glaive
 29624 | Snake:4  | Identified a +0 robe
 29631 | Snake:4  | Identified a +3 spear
 29631 | Snake:4  | Identified a +0 robe
 29645 | Snake:4  | HP: 33/140 [naga mage/bolt of poison (5)]
 29976 | Snake:4  | Identified a +0 trident
 29976 | Snake:4  | Identified a +0 tower shield
 29991 | Snake:4  | Identified a +0 halberd
 29993 | Snake:4  | Identified a +0 halberd
 29993 | Snake:4  | Identified a cursed -2 robe
 29998 | Snake:4  | Identified a +0 spear
 30082 | Snake:4  | Identified a +0 club
 30082 | Snake:4  | Identified a +0 robe
 30086 | Snake:4  | Identified a +0 halberd
 30122 | Snake:4  | Identified a +0 battleaxe
 30126 | Snake:4  | Identified a +0 halberd
 30235 | Snake:4  | Identified a +0 spear
 30237 | Snake:4  | Identified a +0 whip
 30237 | Snake:4  | Identified a +0 robe
 30237 | Snake:4  | Identified a +2 halberd of freezing
 30237 | Snake:4  | Identified a +0 robe
 30248 | Snake:4  | Reached skill level 9 in Evocations
 30461 | Snake:4  | Identified a +0 dire flail
 30462 | Snake:4  | Identified a +0 flail
 30462 | Snake:4  | Identified a +0 shortbow
 30463 | Snake:4  | Identified a +0 flail
 30463 | Snake:4  | Identified a +0 robe
 30466 | Snake:4  | Identified a +0 glaive
 30466 | Snake:4  | Identified a +0 robe
 30466 | Snake:4  | Identified a +0 battleaxe
 30466 | Snake:4  | Identified a +0 longbow
 30466 | Snake:4  | Identified a +0 dire flail
 30466 | Snake:4  | Identified a +0 shortbow
 30466 | Snake:4  | Identified a +0 short sword
 30466 | Snake:4  | Identified a +0 arbalest
 30466 | Snake:4  | Identified a +0 robe
 30478 | Snake:4  | Reached skill level 4 in Slings
 30723 | Snake:4  | Identified the Grimoire of the Blaze and Summoning
 30726 | Snake:4  | Identified a +0 war axe
 30726 | Snake:4  | Identified a +0 longbow
 30726 | Snake:4  | Identified a +0 quarterstaff
 30726 | Snake:4  | Identified a +0 robe
 30728 | Snake:4  | Identified a +1 dagger of venom
 30728 | Snake:4  | Identified a +0 robe
 30728 | Snake:4  | Identified a +0 dagger
 30728 | Snake:4  | Identified a +0 robe
 30728 | Snake:4  | Identified a +1 dagger of venom
 30728 | Snake:4  | Identified a +0 robe
 30729 | Snake:4  | Identified a +0 quarterstaff
 30729 | Snake:4  | Identified a +0 robe
 31126 | Snake:4  | Identified a cursed +0 mace
 31126 | Snake:4  | Identified a +0 robe
 31135 | Snake:4  | Identified a +0 spear
 31192 | Snake:4  | Reached skill level 14 in Shields
 31932 | Snake:4  | Reached skill level 5 in Slings
 32438 | Snake:4  | Got a serpentine rune of Zot
 32825 | Shoals:1 | Entered Level 1 of the Shoals
 32830 | Shoals:1 | Identified a +3 trident
 32830 | Shoals:1 | Identified a +0 spear
 32837 | Shoals:1 | Identified a +0 trident
 32999 | Shoals:1 | Identified a +0 spear
 33064 | Shoals:1 | Identified a +0 trident
 33064 | Shoals:1 | Identified a +0 club
 33064 | Shoals:1 | Identified a +4 hunting sling
 33069 | Shoals:1 | Identified a +0 spear
 33069 | Shoals:1 | Identified a cursed -1 hunting sling
 33069 | Shoals:1 | Identified a +0 quarterstaff
 33069 | Shoals:1 | Identified a +0 hunting sling
 33070 | Shoals:1 | Identified a +0 trident
 33070 | Shoals:1 | Identified a +0 spear
 33070 | Shoals:1 | Identified a +0 hunting sling
 33211 | Shoals:1 | Identified a cursed -2 club
 33211 | Shoals:1 | Identified a +0 hunting sling
 33213 | Shoals:1 | Identified a +0 club
 33213 | Shoals:1 | Identified a +0 hunting sling
 33216 | Shoals:1 | Identified a +0 club
 33216 | Shoals:1 | Identified a +0 hunting sling
 33224 | Shoals:1 | Reached XP level 18. HP: 147/149 MP: 25/25
 33238 | Shoals:1 | Identified a +2 morningstar of draining
 33238 | Shoals:1 | Identified a +0 chain mail
 33238 | Shoals:1 | Identified a +0 tower shield
 33238 | Shoals:1 | Noticed Louise
 33346 | Shoals:1 | Killed Louise
 33362 | Shoals:1 | Identified a cursed -2 trident
 33422 | Shoals:1 | Identified a +0 trident
 33422 | Shoals:1 | Identified a +0 leather armour
 33422 | Shoals:1 | Identified a +3 trident of venom
 33422 | Shoals:1 | Identified a +0 robe
 33422 | Shoals:1 | Identified a +2 spear of freezing
 33422 | Shoals:1 | Identified a +0 leather armour
 33422 | Shoals:1 | Identified a +0 trident
 33422 | Shoals:1 | Identified a +0 leather armour
 33422 | Shoals:1 | Identified a +1 trident of venom
 33422 | Shoals:1 | Identified a +0 leather armour
 33802 | Shoals:1 | Identified a +0 club
 33802 | Shoals:1 | Identified a +0 hunting sling
 33804 | Shoals:1 | Identified a +0 club
 33804 | Shoals:1 | Identified a +0 hunting sling
 33804 | Shoals:1 | Identified a +0 quarterstaff
 33804 | Shoals:1 | Identified a +0 hunting sling
 33805 | Shoals:1 | Reached skill level 16 in Fighting
 33810 | Shoals:1 | Identified a +0 trident
 33811 | Shoals:1 | Reached skill level 15 in Armour
 33834 | Shoals:1 | Identified a +0 spear
 33834 | Shoals:1 | Identified a +0 trident
 33835 | Shoals:1 | Identified a +0 spear
 33838 | Shoals:1 | Identified a +0 spear
 33905 | Shoals:1 | Identified a +2 vorpal trident
 33905 | Shoals:1 | Identified a cursed +0 robe
 33925 | Shoals:1 | Reached skill level 6 in Slings
 34099 | Shoals:1 | Identified a +0 spear
 34232 | Shoals:1 | Identified a +0 trident
 34332 | Shoals:1 | Identified a +2 rapier of venom
 34332 | Shoals:1 | Identified a +0 robe
 34865 | Shoals:2 | Identified a +0 trident
 34865 | Shoals:2 | Identified a +0 spear
 34865 | Shoals:2 | Identified a +0 spear
 34865 | Shoals:2 | Identified a +0 hunting sling
 34874 | Shoals:2 | Identified a +0 club
 34874 | Shoals:2 | Identified a +0 hunting sling
 34878 | Shoals:2 | Identified a +0 club
 34878 | Shoals:2 | Identified a +0 hunting sling
 34882 | Shoals:2 | Identified a +2 trident of protection
 34882 | Shoals:2 | Identified a +0 robe
 34911 | Shoals:2 | Identified a +0 vorpal trident
 34911 | Shoals:2 | Identified a +0 robe
 35126 | Shoals:2 | Identified a +0 spear
 35419 | Orc:2    | Bought the ring "Gawakh" {rF+ MR+ Str+3 Dex-2} for 516 gold
                  | pieces
 35667 | Shoals:2 | Identified a +0 trident
 35671 | Shoals:2 | Identified a +0 trident
 35700 | Shoals:2 | Identified a ring of flight (You found it on level 2 of the
                  | Shoals)
 35838 | Shoals:2 | Identified a +0 club
 35838 | Shoals:2 | Identified a +0 longbow
 35838 | Shoals:2 | Identified a +0 club
 35838 | Shoals:2 | Identified a +2 hunting sling of freezing
 35838 | Shoals:2 | Identified a +0 quarterstaff
 35838 | Shoals:2 | Identified a +0 hunting sling
 35838 | Shoals:2 | Identified a +0 quarterstaff
 35838 | Shoals:2 | Identified a +0 hunting sling
 36448 | Shoals:3 | Identified a +0 trident
 36760 | Shoals:3 | Noticed Polyphemus
 37005 | Shoals:3 | Killed Polyphemus
 37007 | Shoals:3 | Reached skill level 7 in Slings
 37007 | Shoals:3 | Reached skill level 10 in Evocations
 37249 | Shoals:3 | Found a glowing golden altar of the Shining One.
 37459 | Shoals:3 | Identified a +0 trident
 37700 | Shoals:4 | Entered Level 4 of the Shoals
 37706 | Shoals:4 | Identified a +2 trident of venom
 37712 | Shoals:4 | Identified a +5 spear of venom
 37712 | Shoals:4 | Identified a +0 leather armour
 37714 | Shoals:4 | Identified a +0 trident
 37717 | Shoals:4 | Identified a +0 trident
 37720 | Shoals:4 | Identified a +0 trident
 37731 | Shoals:4 | Identified a cursed -1 spear
 37732 | Shoals:4 | Identified a cursed +0 spear
 37732 | Shoals:4 | Identified a +0 hunting sling
 37733 | Shoals:4 | Identified a +0 hunting sling
 37733 | Shoals:4 | Identified a +0 quarterstaff
 37733 | Shoals:4 | Identified a +0 hunting sling
 37733 | Shoals:4 | Identified a +0 club
 37735 | Shoals:4 | Identified a +0 club
 37735 | Shoals:4 | Identified a +0 fustibalus of flaming
 37736 | Shoals:4 | Identified a +0 spear
 37736 | Shoals:4 | Identified a +0 hunting sling
 38073 | Shoals:4 | Identified a +2 spear of freezing
 38073 | Shoals:4 | Identified a +0 leather armour
 38074 | Shoals:4 | Identified a +0 trident
 38394 | Shoals:4 | Identified a +0 trident of freezing
 38394 | Shoals:4 | Identified a +0 robe
 38400 | Shoals:4 | Identified a +4 spear of venom
 38400 | Shoals:4 | Identified a +0 leather armour
 38404 | Shoals:4 | Identified a +0 spear
 38404 | Shoals:4 | Identified a +0 leather armour
 38409 | Shoals:4 | HP: 37/151 [merfolk javelineer/javelin (18)]
 38758 | Shoals:4 | Identified a +0 trident
 38760 | Shoals:4 | Identified a +0 trident
 38775 | Shoals:4 | HP: 10/151 [alligator snapping turtle (33)]
 39219 | Shoals:4 | Identified a +1 trident of venom
 39219 | Shoals:4 | Identified a +0 robe
 39222 | Shoals:4 | Identified a +0 spear
 39222 | Shoals:4 | Identified a +0 leather armour
 39222 | Shoals:4 | Identified a +1 glaive of protection
 39223 | Shoals:4 | Identified a +0 vampiric glaive
 39232 | Shoals:4 | HP: 28/151 [merfolk javelineer/silver javelin (12)]
 39696 | Shoals:4 | Identified a +6 vorpal great sword
 39704 | Shoals:4 | Identified a +0 trident
 39741 | Shoals:4 | Identified a +0 rapier
 39741 | Shoals:4 | Identified a +0 robe
 39766 | Shoals:4 | Identified a +0 demon trident of freezing
 39766 | Shoals:4 | Identified a cursed +0 robe
 39944 | Shoals:4 | Identified a +0 vampiric trident
 39944 | Shoals:4 | Identified a +0 leather armour
 40006 | Shoals:4 | Identified a +0 trident
 40172 | Shoals:4 | Reached skill level 17 in Fighting
 40208 | Shoals:4 | Identified a +0 trident of freezing
 40208 | Shoals:4 | Identified a +7 arbalest of freezing
 40296 | Shoals:4 | Reached XP level 19. HP: 131/159 MP: 26/26
 40341 | Shoals:4 | Identified a +2 trident of freezing
 40341 | Shoals:4 | Identified a +0 robe
 40402 | Shoals:4 | Identified a +3 demon trident of freezing
 40402 | Shoals:4 | Identified a +0 robe
 40416 | Shoals:4 | Reached skill level 8 in Slings
 40453 | Shoals:4 | Found Caji's Distillery.
 40546 | Shoals:4 | Identified a +0 trident
 40578 | Shoals:4 | Identified a potion of cancellation
 40579 | Shoals:4 | Identified an amulet of regeneration (You found it on level
                  | 4 of the Shoals)
 40663 | Shoals:4 | Identified a +0 trident
 40663 | Shoals:4 | Identified a +0 trident
 40678 | Shoals:4 | Identified the cursed +1 ring mail of Evvahyps {rElec rCorr
                  | Int-4} (You found it on level 4 of the Shoals)
 40844 | Shoals:4 | Gained mutation: You are somewhat unskilled. (-1 Apt) [Ru
                  | sacrifice]
 40844 | Shoals:4 | Reduced skill Fighting to level 15
 40844 | Shoals:4 | Reduced skill Axes to level 19
 40844 | Shoals:4 | Reduced skill Slings to level 7
 40844 | Shoals:4 | Reduced skill Armour to level 14
 40844 | Shoals:4 | Reduced skill Shields to level 13
 40844 | Shoals:4 | Reduced skill Evocations to level 9
 40844 | Shoals:4 | Reached ****** piety under Ru
 40906 | Shoals:4 | Identified a +0 rapier
 40906 | Shoals:4 | Identified a +0 robe
 40906 | Shoals:4 | Identified a +0 spear
 40906 | Shoals:4 | Identified a +0 fustibalus
 40909 | Shoals:4 | Identified a +2 trident of distortion
 41103 | Shoals:4 | Identified the Catalogue of Glacial Arcane Weapons
 41159 | Shoals:4 | Got a barnacled rune of Zot
 41206 | Shoals:4 | Bought a potion of haste for 140 gold pieces
 41206 | Shoals:4 | Bought a potion of haste for 140 gold pieces
 41206 | Shoals:4 | Bought a potion of might for 56 gold pieces
 41206 | Shoals:4 | Bought a potion of heal wounds for 70 gold pieces
 41638 | D:13     | Killed protoss039's ghost
 41638 | D:13     | Reached skill level 16 in Fighting
 41830 | Vaults:1 | Entered Level 1 of the Vaults
 41840 | Vaults:1 | Identified a +0 morningstar
 41840 | Vaults:1 | Identified a +0 arbalest
 41840 | Vaults:1 | Identified a cursed +0 ring mail
 41841 | Vaults:1 | Identified a +0 shortbow
 41845 | Vaults:1 | Identified a +0 dagger
 41845 | Vaults:1 | Identified a +0 robe
 41849 | Vaults:1 | Identified a +0 mace
 41851 | Vaults:1 | Identified a +0 club
 41851 | Vaults:1 | Identified a +0 ring mail
 41851 | Vaults:1 | Identified a +0 dire flail
 41851 | Vaults:1 | Identified a +0 plate armour
 41853 | Vaults:1 | Reached skill level 15 in Armour
 41854 | Vaults:1 | Identified a +0 dagger
 41854 | Vaults:1 | Identified a +0 robe
 41888 | Vaults:1 | Identified a +0 dire flail
 41888 | Vaults:1 | Identified a +0 plate armour
 42038 | Vaults:1 | Identified a +0 quarterstaff
 42038 | Vaults:1 | Identified a +0 leather armour
 42077 | Vaults:1 | Identified a +0 war axe
 42077 | Vaults:1 | Identified a +0 plate armour
 42077 | Vaults:1 | Identified a +0 great mace
 42077 | Vaults:1 | Identified a +0 chain mail
 42077 | Vaults:1 | Identified a +0 great mace
 42077 | Vaults:1 | Identified a +0 ring mail
 42077 | Vaults:1 | Identified a +0 long sword
 42077 | Vaults:1 | Identified a +0 scale mail
 42077 | Vaults:1 | Identified a +0 buckler
 42077 | Vaults:1 | Identified a +0 short sword
 42077 | Vaults:1 | Identified a +0 shortbow
 42077 | Vaults:1 | Identified a +0 leather armour
 42077 | Vaults:1 | Identified a +0 long sword
 42077 | Vaults:1 | Identified a +0 ring mail
 42077 | Vaults:1 | Identified a +0 long sword
 42079 | Vaults:1 | Identified a cursed -1 war axe
 42079 | Vaults:1 | Identified a +0 plate armour
 42079 | Vaults:1 | Identified a +1 great sword of electrocution
 42079 | Vaults:1 | Identified a +0 chain mail of poison resistance
 42079 | Vaults:1 | Identified a +0 vorpal long sword
 42079 | Vaults:1 | Identified a +0 plate armour
 42079 | Vaults:1 | Identified a +0 long sword
 42079 | Vaults:1 | Identified a +0 scale mail
 42089 | Vaults:1 | Identified a +0 morningstar
 42089 | Vaults:1 | Identified a +0 leather armour
 42089 | Vaults:1 | Identified a +0 long sword of holy wrath
 42091 | Vaults:1 | Identified a +0 short sword
 42092 | Vaults:1 | Identified a +0 long sword
 42092 | Vaults:1 | Identified a cursed +0 ring mail
 42092 | Vaults:1 | Identified a +0 giant spiked club
 42092 | Vaults:1 | Identified a +0 giant spiked club
 42096 | Vaults:1 | Identified a +0 giant club
 42099 | Vaults:1 | Identified a +0 arbalest
 42102 | Vaults:1 | Identified a +0 long sword
 42102 | Vaults:1 | Identified a +0 plate armour
 42103 | Vaults:1 | Identified a +0 great mace
 42103 | Vaults:1 | Identified a +0 ring mail
 42104 | Vaults:1 | Identified a +0 longbow
 42117 | Vaults:1 | Identified a +0 long sword
 42117 | Vaults:1 | Noticed a deep elf sorcerer
 42121 | Vaults:1 | HP: 34/154 [acid[an ironheart preserver] (16)]
 42125 | Vaults:1 | Killed a deep elf sorcerer
 42183 | Vaults:1 | Identified a +0 falchion
 42183 | Vaults:1 | Identified a +3 scale mail
 42192 | Vaults:1 | Identified a +0 dagger
 42192 | Vaults:1 | Identified a -2 longbow
 42192 | Vaults:1 | Identified a +0 leather armour
 42193 | Vaults:1 | Identified a +2 short sword of protection
 42195 | Vaults:1 | Identified a +2 flail of protection
 42195 | Vaults:1 | Identified a +0 leather armour
 42209 | Vaults:1 | Identified a +0 arbalest
 42213 | Vaults:1 | Identified a +0 spear
 42213 | Vaults:1 | Identified a +0 arbalest
 42215 | Vaults:1 | Identified a +0 arbalest
 42229 | Vaults:1 | Identified a +0 halberd
 42229 | Vaults:1 | Identified a +0 robe
 42229 | Vaults:1 | Identified a +0 giant club
 42231 | Vaults:1 | Reached skill level 8 in Slings
 42246 | Vaults:1 | Identified a +0 giant spiked club
 42281 | Vaults:1 | Identified a +0 giant club
 42300 | Vaults:1 | HP: 38/154 [large slime creature (23)]
 42328 | Vaults:1 | Identified a +0 arbalest
 42329 | Vaults:1 | Identified a +3 battleaxe
 42329 | Vaults:1 | Identified a +0 chain mail
 42335 | Vaults:1 | HP: 34/155 [deep elf mage/bolt of lightning (18)]
 42380 | Vaults:1 | HP: 19/156 [deep elf mage/bolt of lightning (22)]
 42382 | Vaults:1 | HP: 8/156 [deep elf mage/bolt of lightning (12)]
 42383 | Vaults:1 | HP: 3/156 [deep elf archer/+0 short sword (5)]
 42388 | Vaults:1 | HP: 20/156 [wolf spider (1)]
 42814 | Vaults:1 | Identified a +0 arbalest
 42845 | Vaults:1 | Reached skill level 10 in Evocations
 42862 | Vaults:1 | Reached skill level 14 in Shields
 42999 | Vaults:1 | Identified a +0 triple crossbow
 43017 | Vaults:1 | Identified a +0 whip
 43017 | Vaults:1 | Identified a +0 robe
 43315 | Vaults:1 | Identified a +0 halberd
 43315 | Vaults:1 | Identified a +0 robe
 43316 | Vaults:1 | Identified a +0 giant club
 43316 | Vaults:1 | Identified a +0 giant club
 43317 | Vaults:1 | Identified a +0 giant club
 43317 | Vaults:1 | Identified a +0 giant club
 43318 | Vaults:1 | Identified a +0 giant spiked club
 43318 | Vaults:1 | Identified a +0 giant club
 43346 | Vaults:1 | Identified a +0 giant club
 43346 | Vaults:1 | Identified a +0 giant club
 43354 | Vaults:1 | Identified a +0 giant club
 43366 | Vaults:1 | Identified a +0 giant club
 43366 | Vaults:1 | Identified a +0 giant club
 43367 | Vaults:1 | Identified a +0 whip
 43367 | Vaults:1 | Identified a +0 robe
 43368 | Vaults:1 | Identified a +0 giant club
 43368 | Vaults:1 | Identified a +0 giant spiked club
 43371 | Vaults:1 | Identified a +0 giant spiked club
 43371 | Vaults:1 | Identified a +0 giant club
 43373 | Vaults:1 | Identified a +0 giant spiked club
 43373 | Vaults:1 | Identified a +0 giant spiked club
 43374 | Vaults:1 | Identified a +0 giant club
 43375 | Vaults:1 | Identified a +0 giant club
 43432 | Vaults:1 | Identified a +0 giant club
 43492 | Vaults:1 | Identified a +1 battleaxe of freezing
 43492 | Vaults:1 | Identified a cursed +0 plate armour
 43700 | Vaults:1 | Identified a +0 long sword
 43700 | Vaults:1 | Identified a +0 arbalest
 43700 | Vaults:1 | Identified a +0 ring mail
 43703 | Vaults:1 | Identified a +0 falchion
 43703 | Vaults:1 | Identified a +0 scale mail
 43793 | Vaults:1 | Identified a +0 giant spiked club
 43793 | Vaults:1 | Identified a +0 giant spiked club
 43794 | Vaults:1 | Identified a +0 giant club
 43799 | Vaults:1 | Identified a +0 giant club
 43802 | Vaults:1 | Identified a +0 giant spiked club
 43802 | Vaults:1 | Identified a +0 giant club
 43802 | Vaults:1 | Identified a +0 giant club
 43802 | Vaults:1 | Identified a +0 dire flail
 43808 | Vaults:1 | Identified a cursed +0 robe
 43809 | Vaults:1 | Identified a +0 giant spiked club
 43809 | Vaults:1 | Identified a +0 giant spiked club
 43833 | Vaults:1 | Identified a +0 flail
 43833 | Vaults:1 | Identified a +0 leather armour
 43840 | Vaults:1 | Identified a +0 giant club
 43841 | Vaults:1 | Identified a +0 giant club
 43841 | Vaults:1 | Identified a +0 dire flail
 43842 | Vaults:1 | Identified a +0 giant club
 43842 | Vaults:1 | Identified a +0 giant spiked club
 43869 | Vaults:1 | Identified a +0 halberd
 43869 | Vaults:1 | Identified a +0 robe
 44125 | Vaults:1 | Identified a +0 morningstar
 44125 | Vaults:1 | Identified a +0 scale mail
 44128 | Vaults:1 | Identified a +0 long sword
 44128 | Vaults:1 | Identified a +0 robe
 44133 | Vaults:1 | Identified a +4 mace
 44134 | Vaults:1 | Identified a +0 plate armour of fire resistance
 44145 | Vaults:1 | Identified a +0 arbalest
 44155 | Vaults:1 | Reached XP level 20. HP: 151/164 MP: 27/27
 44165 | Vaults:1 | Identified a +3 long sword
 44165 | Vaults:1 | Identified a +0 chain mail
 44167 | Vaults:1 | Identified a +2 vorpal dire flail
 44167 | Vaults:1 | Identified a +0 ring mail
 44179 | Vaults:1 | Identified a +0 shortbow
 44179 | Vaults:1 | Identified a +0 dagger
 44179 | Vaults:1 | Identified a +0 robe
 44180 | Vaults:1 | Identified a +0 dagger
 44180 | Vaults:1 | Identified a +0 robe
 44187 | Vaults:1 | Reached skill level 9 in Slings
 44408 | Vaults:1 | Found Aruiw's General Store.
 44417 | Vaults:1 | Bought a potion of heal wounds for 80 gold pieces
 44417 | Vaults:1 | Bought a wand of acid (12) for 512 gold pieces
 44417 | Vaults:1 | Bought a scroll of blinking for 120 gold pieces
 44417 | Vaults:1 | Bought a potion of resistance for 160 gold pieces
 44507 | Vaults:1 | Identified a +0 halberd
 44507 | Vaults:1 | Identified a cursed +0 chain mail
 44680 | Vaults:2 | Identified a +0 shortbow
 44718 | Vaults:2 | Identified a +0 short sword
 44718 | Vaults:2 | Identified a +0 shortbow
 44718 | Vaults:2 | Identified a cursed +0 leather armour
 44719 | Vaults:2 | Identified a +0 arbalest
 44723 | Vaults:2 | Identified a +0 short sword
 44723 | Vaults:2 | Noticed a deep elf sorcerer
 44723 | Vaults:2 | Identified a +0 long sword
 44723 | Vaults:2 | Identified a +0 great mace
 44723 | Vaults:2 | Identified a +0 leather armour
 44725 | Vaults:2 | Identified a +3 long sword
 44726 | Vaults:2 | Identified a +2 arbalest of freezing
 44729 | Vaults:2 | Identified a +0 arbalest
 44730 | Vaults:2 | Identified a +0 rapier
 44730 | Vaults:2 | Identified a +2 leather armour of poison resistance
 44754 | Vaults:2 | Killed a deep elf sorcerer
 44802 | Vaults:2 | Identified a +0 war axe
 44802 | Vaults:2 | Identified a +0 ring mail
 44834 | Vaults:2 | Identified a +0 whip
 44834 | Vaults:2 | Identified a +0 robe
 44838 | Vaults:2 | Reached skill level 17 in Fighting
 44838 | Vaults:2 | Identified a +0 giant spiked club
 44838 | Vaults:2 | Identified a +0 giant club
 44841 | Vaults:2 | Identified a +0 giant spiked club
 44841 | Vaults:2 | Identified a +0 giant club
 44844 | Vaults:2 | Identified a +0 giant spiked club
 44844 | Vaults:2 | Identified a +0 giant club
 44849 | Vaults:2 | Identified a +0 giant spiked club
 44849 | Vaults:2 | Identified a +0 giant spiked club
 44850 | Vaults:2 | Identified a +0 giant club
 44972 | Vaults:2 | Identified a +0 short sword
 44972 | Vaults:2 | Identified a +0 ring mail
 44972 | Vaults:2 | Identified a +0 battleaxe
 44972 | Vaults:2 | Identified a +0 plate armour
 44974 | Vaults:2 | Identified a +0 whip
 44974 | Vaults:2 | Identified a +0 trident
 44974 | Vaults:2 | Identified a cursed +0 ring mail
 44975 | Vaults:2 | Identified a +0 trident
 44975 | Vaults:2 | Identified a +0 plate armour
 44977 | Vaults:2 | Identified a +0 flail
 44977 | Vaults:2 | Identified a +0 leather armour
 45078 | Vaults:2 | Identified a cursed -2 arbalest
 45080 | Vaults:2 | Identified a +0 arbalest
 45087 | Vaults:2 | Identified a +0 arbalest
 45285 | Vaults:2 | Identified a +0 long sword
 45285 | Vaults:2 | Identified a +0 ring mail
 45411 | Vaults:2 | Identified a +4 vorpal glaive
 45423 | Vaults:2 | Found a staircase to the Crypt.
 45423 | Vaults:2 | Identified a +0 dagger
 45423 | Vaults:2 | Identified a +0 robe
 45424 | Vaults:2 | Identified a +0 long sword
 45424 | Vaults:2 | Noticed a curse skull
 45428 | Vaults:2 | Identified a +2 halberd
 45428 | Vaults:2 | Identified a +0 robe
 45449 | Vaults:2 | HP: 37/165 [something (14)]
 45451 | Vaults:2 | Identified a +0 bardiche
 45451 | Vaults:2 | Identified a +0 plate armour
 45451 | Vaults:2 | Identified a +0 halberd
 45451 | Vaults:2 | Identified a +0 chain mail
 45451 | Vaults:2 | Identified a +0 scimitar
 45451 | Vaults:2 | Identified a +0 plate armour
 45451 | Vaults:2 | Identified a +0 trident
 45451 | Vaults:2 | Identified a +2 chain mail of cold resistance
 45452 | Vaults:2 | Identified a +0 dire flail
 45452 | Vaults:2 | Identified a +0 giant club
 45452 | Vaults:2 | Identified a +0 giant club
 45452 | Vaults:2 | Identified a +0 giant club
 45457 | Vaults:2 | Identified a +0 dire flail
 45457 | Vaults:2 | Identified a +0 giant club
 45461 | Vaults:2 | HP: 39/165 [two-headed ogre/+0 giant club (2)]
 45461 | Vaults:2 | HP: 7/165 [two-headed ogre/+0 dire flail (16)]
 45462 | Vaults:2 | Identified a +0 giant spiked club
 45462 | Vaults:2 | Identified a +0 giant club
 45464 | Vaults:2 | Identified a +0 spear
 45464 | Vaults:2 | Identified a +0 robe
 45464 | Vaults:2 | Identified a +0 giant club
 45468 | Vaults:2 | Reached skill level 16 in Armour
 45474 | Vaults:2 | Identified a +0 dire flail
 45474 | Vaults:2 | Identified a +0 scale mail
 45838 | Vaults:2 | Identified a +0 longbow
 45881 | Vaults:2 | Identified a scroll of summoning
 45941 | Vaults:2 | Identified a +5 eudemon blade of holy wrath
 45941 | Vaults:2 | Identified a +0 tower shield
 45941 | Vaults:2 | Noticed Mennas
 45960 | Vaults:2 | Killed Mennas
 46100 | Vaults:2 | Identified a +0 flail
 46100 | Vaults:2 | Identified a +0 robe
 46101 | Vaults:2 | HP: 23/165 [??? (21)]
 46105 | Vaults:2 | HP: 11/165 [phantasmal warrior[a curse skull] (13)]
 46113 | Vaults:2 | HP: 31/165 [flying skull[a curse skull] (7)]
 46118 | Vaults:2 | HP: 20/165 [jiangshi[a curse skull] (12)]
 46122 | Vaults:2 | Identified a +2 war axe
 46122 | Vaults:2 | Identified a +0 robe
 46485 | Vaults:2 | Identified a +3 flail
 46485 | Vaults:2 | Identified a +0 leather armour
 46498 | Vaults:2 | Identified a +0 troll leather armour
 46501 | Vaults:2 | Identified a +0 troll leather armour
 46858 | Vaults:2 | Identified a +0 great sword
 46858 | Vaults:2 | Identified a +0 arbalest
 46858 | Vaults:2 | Identified a +0 chain mail
 46858 | Vaults:2 | Identified a +0 flail
 46858 | Vaults:2 | Identified a +0 leather armour
 46858 | Vaults:2 | Identified a +0 mace
 46858 | Vaults:2 | Identified a +0 leather armour
 46860 | Vaults:2 | Identified a +0 giant club
 47017 | Vaults:2 | Killed a curse skull
 47409 | Vaults:2 | Identified a +0 short sword
 47409 | Vaults:2 | Identified a +0 shortbow
 47409 | Vaults:2 | Identified a +0 leather armour
 47476 | Vaults:2 | Identified a +0 great mace
 47476 | Vaults:2 | Identified a +0 ring mail
 47500 | Vaults:2 | Identified a +0 troll leather armour
 47521 | Vaults:2 | Identified a +0 great mace
 47521 | Vaults:2 | Identified a +0 chain mail
 47521 | Vaults:2 | Identified a +0 arbalest
 47521 | Vaults:2 | Identified a +0 arbalest
 47521 | Vaults:2 | Identified a +0 arbalest
 47752 | Vaults:3 | Identified a +0 arbalest
 47753 | Vaults:3 | Identified a +7 arbalest
 47753 | Vaults:3 | Identified a +0 arbalest
 47753 | Vaults:3 | Identified a +0 arbalest
 47754 | Vaults:3 | Identified a +1 great sword
 47754 | Vaults:3 | Identified a +0 chain mail
 47755 | Vaults:3 | Identified a +0 arbalest
 47760 | Vaults:3 | Identified a +2 arbalest of freezing
 47760 | Vaults:3 | Identified a +0 arbalest
 47767 | Vaults:3 | Identified a +0 arbalest
 48056 | Vaults:3 | Identified a +0 arbalest
 48203 | Vaults:3 | Identified a +0 dagger
 48203 | Vaults:3 | Identified a +0 robe
 48318 | Vaults:3 | Identified a +0 arbalest
 48318 | Vaults:3 | Identified a cursed +0 arbalest
 48319 | Vaults:3 | Identified a +0 arbalest
 48329 | Vaults:3 | Identified a +0 arbalest
 48329 | Vaults:3 | Identified a +0 arbalest
 48331 | Vaults:3 | Identified a +2 great sword
 48331 | Vaults:3 | Identified a +0 chain mail
 48345 | Vaults:3 | Reached skill level 10 in Slings
 48579 | Vaults:3 | Identified +0 ice dragon scales
 48697 | Vaults:3 | Identified a +0 dire flail
 48697 | Vaults:3 | Identified a +0 great mace
 48700 | Vaults:3 | Identified a +0 arbalest
 48708 | Vaults:3 | Identified a +0 battleaxe
 48708 | Vaults:3 | Identified a +0 chain mail
 48711 | Vaults:3 | Identified a +1 arbalest of flaming
 48711 | Vaults:3 | Identified a +0 arbalest
 48712 | Vaults:3 | Identified a +0 arbalest
 48713 | Vaults:3 | Identified a +0 arbalest
 48789 | Vaults:3 | Identified a +0 morningstar
 48789 | Vaults:3 | Identified a +0 arbalest
 48789 | Vaults:3 | Identified a +0 ring mail
 48797 | Vaults:3 | Identified a +0 trident
 48797 | Vaults:3 | Identified a +0 ring mail
 48816 | Vaults:3 | Identified a +0 arbalest
 48821 | Vaults:3 | Identified a +3 bardiche
 48821 | Vaults:3 | Identified a +0 chain mail
 48847 | Vaults:3 | Identified a cursed -2 scimitar
 48847 | Vaults:3 | Identified a +0 plate armour
 48858 | Vaults:3 | Identified a cursed -2 long sword
 48858 | Vaults:3 | Identified a +0 plate armour
 48858 | Vaults:3 | Identified a +0 dagger
 48858 | Vaults:3 | Identified a +0 robe
 48863 | Vaults:3 | Identified a +0 flail
 48863 | Vaults:3 | Identified a +0 chain mail
 48920 | Vaults:3 | Identified a +0 dagger
 48920 | Vaults:3 | Identified a +0 shortbow
 48920 | Vaults:3 | Identified a +0 leather armour
 48943 | Vaults:3 | Identified a +3 great mace of protection
 48943 | Vaults:3 | Identified a +0 chain mail
 49021 | Vaults:3 | Identified a cursed -3 arbalest
 49021 | Vaults:3 | Identified a cursed -1 whip
 49021 | Vaults:3 | Identified a +0 robe
 49022 | Vaults:3 | Identified a +1 long sword of electrocution
 49023 | Vaults:3 | Identified a +0 dire flail
 49023 | Vaults:3 | Identified a +0 ring mail
 49030 | Vaults:3 | Identified a +2 short sword of venom
 49030 | Vaults:3 | Identified a +0 leather armour
 49030 | Vaults:3 | Identified a +0 buckler
 49030 | Vaults:3 | Identified a cursed -1 dagger
 49030 | Vaults:3 | Identified a +0 leather armour
 49395 | Vaults:3 | Identified a +0 giant spiked club
 49395 | Vaults:3 | Identified a +0 giant spiked club
 49395 | Vaults:3 | Identified a cursed +0 giant spiked club
 49398 | Vaults:3 | Identified a +0 giant spiked club
 49398 | Vaults:3 | Identified a +0 giant club
 49398 | Vaults:3 | Identified a +0 dire flail
 49398 | Vaults:3 | Identified a +0 giant spiked club
 49401 | Vaults:3 | Reached XP level 21. HP: 173/173 MP: 29/29
 49401 | Vaults:3 | Identified a +0 robe
 49407 | Vaults:3 | Identified a +0 giant spiked club
 49407 | Vaults:3 | Identified a +0 giant club
 49410 | Vaults:3 | Identified a +0 giant spiked club
 49410 | Vaults:3 | Identified a +0 giant club
 49664 | Vaults:3 | Identified a +0 long sword
 49664 | Vaults:3 | Identified a +0 arbalest
 49664 | Vaults:3 | Identified a +0 scale mail
 49664 | Vaults:3 | Identified a +0 broad axe of freezing
 49664 | Vaults:3 | Identified a +0 plate armour
 49664 | Vaults:3 | Identified a +0 kite shield
 49664 | Vaults:3 | Identified a +0 flail
 49664 | Vaults:3 | Identified a cursed +0 ring mail
 49664 | Vaults:3 | Identified a +0 great sword
 49664 | Vaults:3 | Identified a +0 plate armour
 49683 | Vaults:3 | Identified a +0 long sword
 49683 | Vaults:3 | Identified a +0 chain mail
 49686 | Vaults:3 | Identified a +1 battleaxe of freezing
 49686 | Vaults:3 | Identified a +0 falchion
 49686 | Vaults:3 | Identified a +0 ring mail
 49690 | Vaults:3 | Identified a +1 long sword
 49690 | Vaults:3 | Identified a +0 plate armour
 49693 | Vaults:3 | Identified a cursed -1 mace
 49693 | Vaults:3 | Identified a cursed +0 ring mail
 49693 | Vaults:3 | Identified a +0 dagger
 49693 | Vaults:3 | Identified a +0 robe
 49696 | Vaults:3 | Identified a +0 flail
 49696 | Vaults:3 | Identified a +0 scale mail
 49697 | Vaults:3 | Identified a +0 short sword
 49698 | Vaults:3 | Identified a cursed -3 long sword
 49698 | Vaults:3 | Identified a +0 scale mail
 49700 | Vaults:3 | Identified a +2 bardiche
 49700 | Vaults:3 | Identified a +0 chain mail
 49710 | Vaults:3 | Reached skill level 11 in Evocations
 49712 | Vaults:3 | HP: 27/173 [vault guard/+2 bardiche[a vault warden] (28)]
 49715 | Vaults:3 | HP: 13/173 [rakshasa (illusionary)/cursed -1 whip (15)]
 49721 | Vaults:3 | HP: 13/173 [poisoned by a deep elf knight]
 49726 | Vaults:3 | HP: 13/173 [poisoned by a deep elf knight]
 50212 | Vaults:3 | Identified a +0 dagger
 50212 | Vaults:3 | Identified a +0 leather armour
 50221 | Vaults:3 | Identified a +0 chain mail
 50224 | Vaults:3 | Identified a +0 long sword
 50224 | Vaults:3 | Identified a +0 chain mail
 50626 | Vaults:3 | Identified a +0 great mace of protection
 50741 | Vaults:3 | Identified a +0 great mace
 50741 | Vaults:3 | Identified a +0 scale mail
 50750 | Vaults:3 | Reached skill level 18 in Fighting
 50757 | Vaults:3 | Identified a +0 morningstar
 50757 | Vaults:3 | Identified a +0 leather armour
 50773 | Vaults:3 | Identified a +0 troll leather armour
 50777 | Vaults:3 | Identified a +0 long sword
 50777 | Vaults:3 | Identified a +0 plate armour
 51047 | Vaults:3 | Identified a +0 giant spiked club
 51047 | Vaults:3 | Identified a +0 giant club
 51047 | Vaults:3 | Identified a +3 dire flail
 51055 | Vaults:3 | Identified a +0 trident
 51055 | Vaults:3 | Identified a +0 robe
 51057 | Vaults:3 | Identified a +0 flail
 51057 | Vaults:3 | Identified a +0 robe
 51057 | Vaults:3 | Identified a +0 giant spiked club
 51057 | Vaults:3 | Identified a +0 giant club
 51057 | Vaults:3 | Identified a +0 giant club
 51071 | Vaults:3 | Identified a +2 great sword of flaming
 51183 | Vaults:3 | Identified a +0 morningstar
 51183 | Vaults:3 | Identified a +0 ring mail
 51187 | Vaults:3 | Identified a +0 troll leather armour
 51206 | Vaults:3 | Identified a +0 dire flail
 51206 | Vaults:3 | Identified a +0 chain mail
 51226 | Vaults:3 | Identified a +0 flail
 51226 | Vaults:3 | Identified a +0 scale mail
 51228 | Vaults:3 | Identified a cursed -2 dagger
 51228 | Vaults:3 | Identified a +0 ring mail
 51229 | Vaults:3 | Identified a +1 long sword of holy wrath
 51229 | Vaults:3 | Identified a +0 plate armour
 51231 | Vaults:3 | Identified a +3 halberd
 51231 | Vaults:3 | Identified a +0 chain mail
 51237 | Vaults:3 | Identified a +0 giant club
 51243 | Vaults:3 | Identified a +0 hand axe
 51243 | Vaults:3 | Identified a +0 ring mail
 51246 | Vaults:3 | Identified a cursed -2 short sword
 51249 | Vaults:3 | Identified a +0 giant spiked club
 51251 | Vaults:3 | Identified a +0 giant club
 51251 | Vaults:3 | Identified a +0 giant club
 51251 | Vaults:3 | Identified a cursed +0 robe
 51251 | Vaults:3 | Identified a +0 giant club
 51251 | Vaults:3 | Identified a +0 giant club
 51253 | Vaults:3 | Identified a +0 giant club
 51301 | Vaults:3 | Identified a +0 great sword
 51301 | Vaults:3 | Identified a +0 plate armour
 51308 | Vaults:3 | Identified a +0 dire flail
 51308 | Vaults:3 | Identified a +0 scale mail
 51312 | Vaults:3 | Identified a +0 great mace
 51312 | Vaults:3 | Identified a +0 plate armour
 51316 | Vaults:3 | Identified a +0 war axe
 51316 | Vaults:3 | Identified a +0 chain mail
 51316 | Vaults:3 | Identified a +0 kite shield
 52245 | Vaults:4 | Identified a +0 arbalest
 52245 | Vaults:4 | Identified a +0 arbalest
 52245 | Vaults:4 | Identified a +0 arbalest
 52248 | Vaults:4 | Reached skill level 17 in Armour
 52337 | Vaults:4 | Identified a +0 giant spiked club
 52337 | Vaults:4 | Identified a +0 giant club
 52337 | Vaults:4 | Identified a +0 giant club
 52337 | Vaults:4 | Identified a +0 giant club
 52337 | Vaults:4 | Identified a +0 giant spiked club
 52337 | Vaults:4 | Identified a +0 giant club
 52337 | Vaults:4 | Identified a cursed -3 giant spiked club
 52337 | Vaults:4 | Identified a +3 long sword of electrocution
 52337 | Vaults:4 | Identified a +0 arbalest
 52337 | Vaults:4 | Identified a +0 ring mail
 52337 | Vaults:4 | Identified a +0 falchion
 52337 | Vaults:4 | Identified a +0 arbalest
 52337 | Vaults:4 | Identified a +0 ring mail
 52337 | Vaults:4 | Identified a +0 halberd
 52337 | Vaults:4 | Identified a +0 robe
 52359 | Vaults:4 | Identified a +0 giant club
 52499 | Vaults:4 | Identified a +0 robe
 52499 | Vaults:4 | Identified a +0 giant spiked club
 52499 | Vaults:4 | Identified a +0 giant club
 52557 | Vaults:4 | Identified a cursed +0 giant spiked club
 52559 | Vaults:4 | Identified a +2 halberd of protection
 52559 | Vaults:4 | Identified a +0 robe
 52559 | Vaults:4 | Identified a +2 broad axe
 52559 | Vaults:4 | Identified a +0 plate armour
 52561 | Vaults:4 | Identified a +0 giant spiked club
 52562 | Vaults:4 | Identified a +0 dire flail
 52562 | Vaults:4 | Identified a +0 dire flail
 52562 | Vaults:4 | Identified a +0 giant club
 52562 | Vaults:4 | Identified a +0 giant club
 52565 | Vaults:4 | Identified a +0 robe
 52568 | Vaults:4 | Identified a +0 giant spiked club
 52568 | Vaults:4 | Identified a +0 giant club
 52569 | Vaults:4 | Identified a +0 giant club
 52569 | Vaults:4 | Identified a +2 antimagic dire flail
 52569 | Vaults:4 | Identified a +0 dire flail
 52571 | Vaults:4 | Identified a +0 flail
 52571 | Vaults:4 | Identified a cursed +0 leather armour
 52574 | Vaults:4 | Identified a cursed -2 giant spiked club
 52574 | Vaults:4 | Identified a +0 giant club
 52574 | Vaults:4 | Identified a +0 giant club
 52574 | Vaults:4 | Identified a +0 giant club
 52574 | Vaults:4 | Identified a +0 giant club
 52576 | Vaults:4 | Reached skill level 11 in Slings
 52579 | Vaults:4 | Identified a +0 giant club
 52599 | Vaults:4 | Reached skill level 15 in Shields
 52846 | Vaults:4 | Identified a +0 morningstar
 52846 | Vaults:4 | Identified a +0 leather armour
 52856 | Vaults:4 | Identified a +0 troll leather armour
 52861 | Vaults:4 | Identified a +0 troll leather armour
 52930 | Vaults:4 | Identified a cursed -1 great sword
 52930 | Vaults:4 | Identified a +0 chain mail
 52930 | Vaults:4 | Identified a +0 glaive
 52930 | Vaults:4 | Identified a +0 plate armour
 52930 | Vaults:4 | Identified a +1 vorpal dire flail
 52930 | Vaults:4 | Identified a +0 chain mail
 52935 | Vaults:4 | Identified a +3 long sword of holy wrath
 52935 | Vaults:4 | Identified a +0 chain mail
 52935 | Vaults:4 | Identified a +0 tower shield
 52945 | Vaults:4 | Identified a +0 arbalest
 53288 | Vaults:4 | Identified a +0 long sword
 53288 | Vaults:4 | Identified a +0 arbalest
 53288 | Vaults:4 | Identified a +0 scale mail
 53319 | Vaults:4 | Identified a +2 war axe of draining
 53319 | Vaults:4 | Identified a cursed -1 plate armour
 53319 | Vaults:4 | Identified a +2 mace of draining
 53319 | Vaults:4 | Identified a cursed +0 ring mail
 53331 | Vaults:4 | Identified a +0 arbalest
 53349 | Vaults:4 | Identified a +1 demon trident of freezing
 53349 | Vaults:4 | Identified a +0 plate armour
 53349 | Vaults:4 | Identified a +2 kite shield of reflection
 53349 | Vaults:4 | Noticed Donald
 53353 | Vaults:4 | Identified a +0 great mace
 53353 | Vaults:4 | Identified a +0 scale mail
 53354 | Vaults:4 | Killed Donald
 53365 | Vaults:4 | Identified a +0 giant club
 53365 | Vaults:4 | Identified a +0 giant club
 53365 | Vaults:4 | Identified a +0 giant spiked club
 53365 | Vaults:4 | Identified a +0 giant club
 53365 | Vaults:4 | Identified a +0 giant club
 53366 | Vaults:4 | Identified a +0 club
 53366 | Vaults:4 | Identified a +0 robe
 53516 | Vaults:4 | Identified a +0 morningstar
 53516 | Vaults:4 | Identified a +0 scale mail
 53528 | Vaults:4 | Identified a +0 falchion
 53528 | Vaults:4 | Identified a +0 ring mail
 53528 | Vaults:4 | Identified a +3 broad axe of freezing
 53528 | Vaults:4 | Identified a +0 ring mail of magic resistance
 53528 | Vaults:4 | Identified a +0 buckler
 53528 | Vaults:4 | Identified a +0 battleaxe of freezing
 53528 | Vaults:4 | Identified +0 ice dragon scales
 53529 | Vaults:4 | Identified a +0 giant club
 53529 | Vaults:4 | Identified a +0 giant club
 53776 | Vaults:4 | Identified a +0 vorpal great mace
 53776 | Vaults:4 | Identified a +0 ring mail
 53786 | Vaults:4 | Reached XP level 22. HP: 142/183 MP: 30/30
 53793 | Vaults:4 | Identified a ring of wizardry (You found it on level 4 of
                  | the Vaults)
 53868 | Vaults:4 | Identified a +2 glaive of freezing
 53868 | Vaults:4 | Identified a +0 plate armour
 53872 | Vaults:4 | Identified a +3 great sword of flaming
 53909 | Vaults:4 | Identified a scroll of acquirement
 53929 | Vaults:4 | Identified a +0 giant club
 53932 | Vaults:4 | Identified a +0 spear
 53932 | Vaults:4 | Identified a +0 robe
 53941 | Vaults:4 | Identified a +0 giant club
 53949 | Vaults:4 | Identified a +0 giant club
 53949 | Vaults:4 | Identified a +0 giant spiked club
 53959 | Vaults:4 | Identified a +0 arbalest
 54213 | Vaults:4 | Identified a +0 morningstar
 54213 | Vaults:4 | Identified a +0 robe
 54342 | Vaults:4 | Found the +9 heavy crossbow "Sniper" {vorpal, Acc+∞ SInv}
 54350 | Vaults:4 | Identified a +2 dire flail of holy wrath
 54350 | Vaults:4 | Identified a +0 dire flail
 54352 | Vaults:4 | Identified a cursed -2 dire flail
 54352 | Vaults:4 | Identified a +0 dire flail
 54370 | Vaults:4 | Identified a +0 battleaxe
 54370 | Vaults:4 | Identified a +0 plate armour
 54444 | Vaults:4 | Identified a +0 dire flail
 54444 | Vaults:4 | Identified a +0 dire flail
 55239 | Elf:1    | Entered Level 1 of the Elven Halls
 55239 | Elf:1    | Identified a +0 short sword
 55239 | Elf:1    | Identified a +0 leather armour
 55426 | Elf:1    | Identified a +0 rapier
 55426 | Elf:1    | Identified a +0 short sword
 55426 | Elf:1    | Identified a +0 chain mail
 55426 | Elf:1    | Identified a +0 rapier
 55426 | Elf:1    | Identified a +0 short sword
 55426 | Elf:1    | Identified a +0 chain mail
 55426 | Elf:1    | Identified a +5 long sword of protection
 55584 | Elf:1    | Identified a +0 dagger
 55584 | Elf:1    | Identified a +0 shortbow
 55584 | Elf:1    | Identified a +0 leather armour
 55587 | Elf:1    | Identified a +0 long sword
 55587 | Elf:1    | Identified a +0 chain mail
 55633 | Elf:1    | Identified a +0 short sword
 55633 | Elf:1    | Identified a +0 ring mail
 55634 | Elf:1    | Identified a +0 short sword
 55634 | Elf:1    | Identified a +0 ring mail
 55644 | Elf:1    | Identified a +0 rapier
 55644 | Elf:1    | Identified a +0 leather armour
 55645 | Elf:1    | Identified a +0 short sword
 55647 | Elf:1    | Identified a +0 long sword
 55647 | Elf:1    | Identified a +0 ring mail
 55650 | Elf:1    | Identified a +0 short sword
 55653 | Elf:1    | Identified a +0 long sword
 55655 | Elf:1    | Identified a +0 long sword
 55660 | Elf:1    | Identified a +0 rapier
 55666 | Elf:1    | Identified a +0 dagger
 55670 | Elf:1    | Identified a +0 dagger
 55670 | Elf:1    | Identified a +0 longbow
 55670 | Elf:1    | Identified a +0 leather armour
 55672 | Elf:1    | Identified a +0 long sword
 55673 | Elf:1    | Identified a +0 broad axe
 55679 | Elf:1    | Identified a +1 long sword of holy wrath
 55679 | Elf:1    | Noticed a deep elf sorcerer
 55686 | Elf:1    | Identified a +1 long sword of freezing
 55686 | Elf:1    | Identified a +0 leather armour
 55688 | Elf:1    | Identified a +0 dagger
 55688 | Elf:1    | Identified a +0 chain mail
 55691 | Elf:1    | Identified a +1 dagger of venom
 55691 | Elf:1    | Identified a +0 robe
 55694 | Elf:1    | Killed a deep elf sorcerer
 55907 | Elf:1    | Found a ruined gateway.
 55911 | Desolati | Entered the Desolation of Salt
 55926 | Desolati | Identified a +0 long sword
 55926 | Desolati | Identified a cursed +0 robe
 56001 | Desolati | Identified a +0 double sword
 56001 | Desolati | Identified a +0 leather armour
 56001 | Desolati | Identified the ring of Harefuop {rF+ Dex+4 Slay+4}
 56108 | Desolati | Identified the ring "Vuga" {rElec Int+3 Stlth-} (You found
                  | it in the Desolation of Salt)
 56113 | Desolati | Identified a ring of slaying (You found it in the
                  | Desolation of Salt)
 56137 | Desolati | Identified a +0 spear
 56137 | Desolati | Identified a +0 robe
 56137 | Desolati | Identified a +1 whip of venom
 56137 | Desolati | Identified a +0 robe
 56140 | Desolati | Identified a +0 great mace of protection
 56140 | Desolati | Identified a +0 scale mail
 56142 | Desolati | Identified a +0 long sword
 56142 | Desolati | Identified a +1 robe of fire resistance
 56143 | Desolati | Identified a +0 morningstar
 56143 | Desolati | Identified a +0 scale mail
 56147 | Desolati | Reached skill level 19 in Fighting
 56642 | Desolati | Identified a cursed -1 double sword
 56642 | Desolati | Identified a +0 leather armour
 56804 | Desolati | Identified the amulet of Savuff {Faith rPois rC+++ MR+
                  | Dex-5} (You found it in the Desolation of Salt)
 56883 | Desolati | Reached skill level 12 in Slings
 57017 | Desolati | Identified a +1 flail of draining
 57043 | Desolati | Identified a +0 mace
 57077 | Desolati | Identified a +0 rapier
 57077 | Desolati | Identified a +0 robe
 57411 | Desolati | Identified a +0 dire flail
 57411 | Desolati | Identified a +0 scale mail
 57429 | Desolati | Identified a +0 mace
 57484 | Desolati | Identified a +0 rapier
 57484 | Desolati | Identified a +0 robe
 57778 | Desolati | Identified a +1 vorpal dire flail
 57778 | Desolati | Identified a +0 ring mail
 57779 | Desolati | Identified a +0 demon blade
 57779 | Desolati | Identified a +0 leather armour
 57779 | Desolati | Identified a +1 vampiric demon blade
 57779 | Desolati | Identified a +0 leather armour
 57789 | Desolati | Found the cursed +14 obsidian axe {vorpal, +Fly SInv
                  | *Curse}
 57804 | Desolati | Identified the amulet "Olagoah" {Reflect rF- MR+ Dex+4
                  | Slay+3 SH+5} (You found it in the Desolation of Salt)
 57929 | Desolati | Identified a +2 plate armour of cold resistance (You found
                  | it in the Desolation of Salt)
 57936 | Desolati | Identified a +3 plate armour of fire resistance (You found
                  | it in the Desolation of Salt)
 57997 | Elf:1    | Identified a +1 vorpal long sword
 57999 | Elf:1    | Reached skill level 18 in Armour
 58106 | Elf:1    | Identified a +0 long sword
 58106 | Elf:1    | Identified a +0 chain mail
 58157 | Elf:1    | Identified a +4 long sword
 58157 | Elf:1    | Identified a +0 leather armour
 58158 | Elf:1    | Identified a +0 rapier of venom
 58163 | Elf:1    | Identified a +0 dagger
 58175 | Elf:1    | Identified a +0 long sword
 58202 | Elf:1    | Identified a cursed -3 long sword
 58202 | Elf:1    | Identified a +0 leather armour
 58226 | Elf:1    | Identified a +0 long sword
 58259 | Elf:1    | Found Odghou Sefiu's Assorted Antiques.
 58263 | Elf:1    | Bought a scroll of teleportation for 87 gold pieces
 58263 | Elf:1    | Bought a potion of curing for 87 gold pieces
 58263 | Elf:1    | Identified a +0 glaive of freezing
 58333 | Elf:1    | Identified a +0 long sword
 58443 | Elf:1    | Identified a +0 vorpal flail
 58544 | Elf:1    | Identified a +1 short sword of flaming
 58584 | Elf:1    | Identified a cursed -1 rapier
 58584 | Elf:1    | Identified a +0 leather armour
 58785 | Elf:2    | Reached skill level 12 in Evocations
 58812 | Elf:2    | Found a runed translucent gate.
 58813 | Elf:2    | Found a runed translucent gate.
 58813 | Elf:2    | Found a runed translucent gate.
 58838 | Elf:2    | Identified a +1 short sword of flaming
 58841 | Elf:2    | Identified a +0 long sword
 58841 | Elf:2    | Identified a +0 leather armour
 58841 | Elf:2    | Identified a +2 buckler
 58847 | Elf:2    | Identified a +0 flail
 58848 | Elf:2    | Identified a +0 scimitar
 58849 | Elf:2    | Identified a +0 glaive
 58850 | Elf:2    | Identified a +0 long sword
 58850 | Elf:2    | Identified a +0 long sword
 58850 | Elf:2    | Identified a +0 scale mail
 58852 | Elf:2    | Identified a +1 vorpal mace
 58852 | Elf:2    | Identified a +2 glaive of venom
 58855 | Elf:2    | Identified a +0 rapier
 58857 | Elf:2    | Identified a +0 long sword
 58858 | Elf:2    | Identified a +0 scimitar
 58858 | Elf:2    | Identified a +0 leather armour
 58858 | Elf:2    | Identified a +0 buckler
 58858 | Elf:2    | Identified a +1 vorpal long sword
 58867 | Elf:2    | Identified a +2 vorpal long sword
 58870 | Elf:2    | Identified a +1 vampiric short sword
 58870 | Elf:2    | Identified a +0 vampiric short sword
 58877 | Elf:2    | Identified a +0 vampiric glaive
 58941 | Elf:2    | Identified a +0 scimitar
 58941 | Elf:2    | Identified a +0 robe
 59217 | Elf:2    | Identified the +4 plate armour of Voaror {rC- MP+9 Str+2
                  | Dex+2} (You found it on level 2 of the Elven Halls)
 59280 | Elf:2    | Identified a +0 long sword
 59280 | Elf:2    | Identified a +0 ring mail
 59304 | Elf:2    | Identified a +0 long sword
 59304 | Elf:2    | Identified a +0 chain mail
 59311 | Elf:2    | Noticed Ewetirimn's ghost (adept MiBe)
 59324 | Elf:2    | Identified a +0 long sword
 59324 | Elf:2    | Noticed a deep elf sorcerer
 59329 | Elf:2    | Killed a deep elf sorcerer
 59329 | Elf:2    | Identified a +0 dagger
 59329 | Elf:2    | Noticed a deep elf sorcerer
 59329 | Elf:2    | Identified a +0 scimitar
 59332 | Elf:2    | Identified a +0 long sword
 59332 | Elf:2    | Identified a +0 scale mail
 59335 | Elf:2    | Killed a deep elf sorcerer
 59338 | Elf:2    | Identified a +0 long sword
 59343 | Elf:2    | Identified a +5 mace of holy wrath
 59657 | Elf:2    | Identified a scroll of vulnerability
 59683 | Elf:2    | Identified a +0 short sword
 59683 | Elf:2    | Identified a +0 longbow
 59683 | Elf:2    | Identified a +0 leather armour
 59712 | Elf:2    | Identified a +0 falchion
 59718 | Elf:2    | Identified a +5 dagger
 59728 | Elf:2    | Found a runed translucent gate.
 59728 | Elf:2    | Found a runed translucent gate.
 59728 | Elf:2    | Found a runed translucent gate.
 59754 | Elf:2    | Found a portal to a secret trove of treasure.
 59803 | Elf:2    | Identified a ring of magical power (You found it on level 2
                  | of the Elven Halls)
 59813 | Elf:2    | Identified a +0 dagger of electrocution
 59813 | Elf:2    | Identified a +0 longbow
 59813 | Elf:2    | Identified a +0 leather armour
 60086 | Elf:2    | Identified a +0 short sword
 60087 | Elf:2    | Identified a +0 vorpal scimitar
 60088 | Elf:2    | Identified a +1 halberd of protection
 60091 | Elf:2    | Reached XP level 23. HP: 191/191 MP: 32/32
 60094 | Elf:2    | Identified a +0 short sword
 60094 | Elf:2    | Identified a +0 scale mail
 60097 | Elf:2    | Identified a +3 vampiric quick blade
 60098 | Elf:2    | Identified a +4 trident of protection
 60098 | Elf:2    | Identified a +1 short sword of venom
 60098 | Elf:2    | Identified a +0 short sword
 60098 | Elf:2    | Identified a +0 buckler
 60135 | Elf:2    | Identified a +0 long sword
 60135 | Elf:2    | Identified a +0 leather armour
 60167 | Elf:2    | Identified a +0 dagger
 60167 | Elf:2    | Identified a +0 scale mail
 60172 | Elf:2    | Identified a +2 glaive of venom
 60188 | Elf:2    | Identified a +0 dagger
 60188 | Elf:2    | Identified a +0 rapier
 60214 | Elf:2    | Identified a +1 trident of flaming
 60228 | Elf:2    | Identified a +0 dagger
 60229 | Elf:2    | Identified a +0 long sword
 60229 | Elf:2    | Identified a +0 ring mail
 60230 | Elf:2    | Identified a +0 rapier
 60230 | Elf:2    | Identified a +0 rapier
 60230 | Elf:2    | Identified a +0 leather armour
 60230 | Elf:2    | Identified a +0 long sword
 60232 | Elf:2    | Identified a +2 vorpal long sword
 60232 | Elf:2    | Identified a +2 long sword of electrocution
 60234 | Elf:2    | Identified a +1 glaive of venom
 60234 | Elf:2    | Identified a +6 double sword of freezing
 60235 | Elf:2    | Identified a +0 dagger
 60235 | Elf:2    | Identified a +0 ring mail
 60236 | Elf:2    | Identified a +0 long sword
 60236 | Elf:2    | Identified a +0 leather armour
 60236 | Elf:2    | Identified a +0 trident
 60242 | Elf:2    | Identified a +2 scimitar of holy wrath
 60245 | Elf:2    | Identified a +0 trident of venom
 60496 | Elf:2    | Identified a +0 long sword
 60655 | Elf:3    | Entered Level 3 of the Elven Halls
 60655 | Elf:3    | Identified a +2 battleaxe of venom
 60762 | Elf:3    | Found Pates's Jewellery Emporium.
 60801 | Elf:3    | Identified a +0 short sword
 60801 | Elf:3    | Identified a +0 rapier
 60801 | Elf:3    | Identified a +0 leather armour
 60801 | Elf:3    | Identified a +0 long sword
 60801 | Elf:3    | Identified a +0 short sword
 60801 | Elf:3    | Identified a +0 chain mail
 60878 | Elf:3    | Identified a cursed -2 short sword
 60878 | Elf:3    | Identified a +0 leather armour
 60919 | Elf:3    | Identified a +0 long sword
 60919 | Elf:3    | Identified a +0 scale mail
 61073 | Elf:3    | Identified a +0 short sword
 61230 | Elf:3    | Identified a +2 long sword of freezing
 61232 | Elf:3    | Identified a +0 short sword
 61232 | Elf:3    | Noticed a deep elf demonologist
 61233 | Elf:3    | Identified a +0 rapier
 61233 | Elf:3    | Identified a +0 ring mail
 61235 | Elf:3    | Killed a deep elf demonologist
 61244 | Elf:3    | Identified a +0 rapier
 61244 | Elf:3    | Identified a +0 leather armour
 61246 | Elf:3    | Identified a cursed -2 shortbow
 61246 | Elf:3    | Identified a +0 ring mail
 61248 | Elf:3    | Identified a +0 short sword
 61248 | Elf:3    | Identified a +0 longbow
 61248 | Elf:3    | Identified a +0 leather armour
 61252 | Elf:3    | Identified a +0 rapier
 61252 | Elf:3    | Identified a +0 short sword
 61255 | Elf:3    | Identified a +0 rapier
 61255 | Elf:3    | Identified a +0 chain mail
 61255 | Elf:3    | Identified a +0 long sword
 61257 | Elf:3    | Identified a +1 long sword of holy wrath
 61257 | Elf:3    | Identified a +0 leather armour
 61257 | Elf:3    | Noticed a deep elf sorcerer
 61259 | Elf:3    | Identified a +0 short sword
 61262 | Elf:3    | Identified a cursed -2 long sword
 61264 | Elf:3    | Identified a +0 long sword
 61265 | Elf:3    | Killed a deep elf sorcerer
 61267 | Elf:3    | Identified a +0 short sword
 61268 | Elf:3    | Identified a +0 short sword
 61756 | Elf:3    | Identified a +2 short sword of holy wrath
 61756 | Elf:3    | Identified a +0 ring mail
 61756 | Elf:3    | Noticed a deep elf sorcerer
 61762 | Elf:3    | Killed a deep elf sorcerer
 61795 | Elf:3    | Identified a +0 long sword
 61795 | Elf:3    | Noticed a deep elf sorcerer
 61795 | Elf:3    | Identified the +4 glaive of Bodily Humours {venom, rF+ MR+
                  | SInv}
 61795 | Elf:3    | Identified a +0 shortbow
 61795 | Elf:3    | Identified a +0 leather armour
 61801 | Elf:3    | Killed a deep elf sorcerer
 61812 | Elf:3    | Identified a +0 short sword
 61818 | Elf:3    | Identified a +2 rapier of speed
 61818 | Elf:3    | Identified a +0 leather armour
 61818 | Elf:3    | Noticed a deep elf sorcerer
 61822 | Elf:3    | Identified a +0 longbow
 61822 | Elf:3    | Identified a +0 leather armour
 61830 | Elf:3    | Killed a deep elf sorcerer
 61841 | Elf:3    | Identified the +4 morningstar of Odwej {protect, rF+ rN++}
 61841 | Elf:3    | Identified a +0 ring mail
 61895 | Elf:3    | Identified a +0 long sword
 61895 | Elf:3    | Identified a +0 ring mail
 61895 | Elf:3    | Noticed a deep elf sorcerer
 61900 | Elf:3    | Killed a deep elf sorcerer
 61903 | Elf:3    | Identified a +0 long sword
 61906 | Elf:3    | Identified a +0 scimitar of distortion
 61906 | Elf:3    | Identified a cursed -4 ring of evasion
 61906 | Elf:3    | Noticed a deep elf sorcerer
 61912 | Elf:3    | Killed a deep elf sorcerer
 61918 | Elf:3    | Identified a +0 rapier
 61918 | Elf:3    | Identified a +0 scale mail
 62039 | Elf:3    | Identified a +0 scimitar
 62046 | Elf:3    | Identified a +0 long sword
 62046 | Elf:3    | Identified a +0 leather armour
 62071 | Elf:3    | Identified a +0 ring mail
 62071 | Elf:3    | Noticed a deep elf sorcerer
 62076 | Elf:3    | Killed a deep elf sorcerer
 62083 | Elf:3    | Identified a +0 short sword
 62083 | Elf:3    | Identified a +0 leather armour
 62100 | Elf:3    | Identified a +0 longbow
 62100 | Elf:3    | Identified the cursed +0 leather armour of Fod Wogi {+Fly
                  | rElec MR++ Stlth-}
 62144 | Elf:3    | Identified a +0 dagger
 62150 | Elf:3    | Reached skill level 20 in Fighting
 62155 | Elf:3    | Identified a +1 mace of protection
 62166 | Elf:3    | Reached skill level 13 in Slings
 62168 | Elf:3    | Identified a +0 rapier
 62168 | Elf:3    | Identified a +0 rapier
 62168 | Elf:3    | Identified a +0 leather armour
 62168 | Elf:3    | Identified a cursed -1 dagger
 62168 | Elf:3    | Noticed a deep elf sorcerer
 62175 | Elf:3    | Identified a +1 vorpal long sword
 62175 | Elf:3    | Noticed a deep elf sorcerer
 62181 | Elf:3    | Killed a deep elf sorcerer
 62182 | Elf:3    | Killed a deep elf sorcerer
 62184 | Elf:3    | Identified a +0 battleaxe
 62184 | Elf:3    | Identified a +0 leather armour
 62184 | Elf:3    | Noticed a deep elf sorcerer
 62194 | Elf:3    | Banished a deep elf sorcerer
 62708 | Elf:3    | Identified a +1 rapier of speed
 62708 | Elf:3    | Identified a +0 ring mail
 62716 | Elf:3    | Identified a +0 short sword
 62716 | Elf:3    | Identified a +0 ring mail
 62731 | Elf:3    | Identified a +0 long sword
 62845 | Elf:3    | Identified the +2 cloak "Maloiged" {Int+6} (You found it on
                  | level 3 of the Elven Halls)
 63184 | Depths:1 | Entered Level 1 of the Depths
 63198 | Depths:1 | Identified a +0 war axe
 63198 | Depths:1 | Identified a +0 ring mail
 63198 | Depths:1 | Identified a +2 kite shield of reflection
 63206 | Depths:1 | Upgraded the game from 0.25.0-11-g1f837a76a1 to
                  | 0.25.0-15-gac7dcb8919
 63212 | Depths:1 | Identified a +0 dire flail
 63212 | Depths:1 | Identified a +0 dire flail
 63242 | Depths:1 | Identified a +0 shortbow
 63264 | Depths:1 | Identified a +2 battleaxe of freezing
 63269 | Depths:1 | Identified a +0 trident
 63272 | Depths:1 | Found a gateway to Hell.
 63275 | Depths:1 | Reached skill level 16 in Shields
 63302 | Depths:1 | Identified a +0 dire flail
 63302 | Depths:1 | Identified a +0 dire flail
 63315 | Depths:1 | Found Aqog's One-of-a-Kind Books.
 63367 | Depths:1 | Identified a +0 dagger
 63367 | Depths:1 | Identified a +0 robe
 63368 | Depths:1 | Identified a +0 dagger of draining
 63368 | Depths:1 | Identified a +0 robe
 63445 | Depths:1 | Identified a +0 giant club
 63445 | Depths:1 | Identified a +0 giant club
 63445 | Depths:1 | Identified a +0 giant spiked club
 63445 | Depths:1 | Identified a +0 giant club
 63445 | Depths:1 | Identified a +0 giant club
 63445 | Depths:1 | Identified a +0 giant club
 63445 | Depths:1 | Identified a +0 vorpal great mace
 63445 | Depths:1 | Identified a +0 giant club
 63448 | Depths:1 | Identified a +0 robe
 63494 | Depths:1 | Identified a +3 quick blade
 63494 | Depths:1 | Identified a +0 robe
 63494 | Depths:1 | Identified a +0 buckler
 63502 | Depths:1 | Identified a +1 battleaxe of freezing
 63507 | Depths:1 | Identified a +0 plate armour
 63507 | Depths:1 | Identified a +0 rapier
 63507 | Depths:1 | Identified a +0 rapier
 63507 | Depths:1 | Identified a +0 leather armour
 63519 | Depths:1 | Identified a +0 great sword of flaming
 63524 | Depths:1 | Found the +8 autumn katana {vorpal, Clar}
 63538 | Depths:1 | Identified a +0 longbow
 63698 | Depths:1 | Identified a +0 giant club
 63698 | Depths:1 | Identified a +0 dire flail
 63698 | Depths:1 | Identified a +0 giant club
 63698 | Depths:1 | Identified a +0 flail
 63698 | Depths:1 | Identified a +0 robe
 63699 | Depths:1 | Identified a +0 giant spiked club
 63699 | Depths:1 | Identified a +0 giant club
 63701 | Depths:1 | Identified a +0 great mace
 63701 | Depths:1 | Identified a +0 giant club
 63701 | Depths:1 | Identified a +0 giant club
 63711 | Depths:1 | Identified a +2 demon trident of draining
 63767 | Depths:1 | Identified a +0 shortbow
 63925 | Depths:1 | Identified a +2 battleaxe of freezing
 63947 | Depths:1 | Identified a +0 arbalest
 63951 | Depths:1 | Reached skill level 19 in Armour
 64047 | Depths:2 | Identified a +0 dire flail of draining
 64047 | Depths:2 | Identified a +0 dire flail
 64047 | Depths:2 | Identified a +0 dire flail of protection
 64047 | Depths:2 | Identified a +3 great mace
 64133 | Depths:2 | Identified a +0 troll leather armour
 64133 | Depths:2 | Reached XP level 24. HP: 202/202 MP: 32/32
 64146 | Depths:2 | Identified +0 ice dragon scales
 64206 | Depths:2 | Identified a scroll of holy word
 64248 | Depths:2 | Found a gateway to a ziggurat.
 64265 | Depths:2 | Identified a +1 battleaxe of freezing
 64272 | Depths:2 | Identified a scroll of brand weapon
 64367 | Depths:2 | Identified a +0 trident
 64374 | Depths:2 | Identified a potion of invisibility
 64410 | Depths:2 | Identified a +2 battleaxe of freezing
 64420 | Depths:2 | Identified a +2 great sword of flaming
 64421 | Depths:2 | Identified a +2 battleaxe of freezing
 64425 | Depths:2 | Noticed a caustic shrike
 64425 | Depths:2 | Noticed a caustic shrike
 64426 | Depths:2 | Identified a +0 robe
 64427 | Depths:2 | Identified a +2 great sword of flaming
 64433 | Depths:2 | Killed a caustic shrike
 64434 | Depths:2 | Killed a caustic shrike
 64723 | Depths:2 | Identified a +0 long sword
 64723 | Depths:2 | Identified a +0 scale mail
 64723 | Depths:2 | Identified a +0 buckler
 64724 | Depths:2 | Identified a +0 great mace
 64724 | Depths:2 | Identified a +0 dire flail
 64724 | Depths:2 | Identified a +0 bardiche
 64724 | Depths:2 | Identified a +0 ring mail of poison resistance
 64743 | Depths:2 | Identified a +1 antimagic rapier
 64743 | Depths:2 | Identified a +0 animal skin
 64770 | Depths:2 | Identified a +0 dire flail
 64770 | Depths:2 | Identified a +0 dire flail
 64776 | Depths:2 | Identified a +0 long sword
 64776 | Depths:2 | Noticed a deep elf sorcerer
 64776 | Depths:2 | Identified a +0 dire flail
 64776 | Depths:2 | Identified a +0 dire flail
 64780 | Depths:2 | Identified a +0 dire flail
 64780 | Depths:2 | Identified a +0 dire flail
 64790 | Depths:2 | Identified a +0 battleaxe of freezing
 64791 | Depths:2 | Identified a +0 long sword
 64791 | Depths:2 | Identified a +0 ring mail
 64791 | Depths:2 | Noticed a deep elf sorcerer
 64792 | Depths:2 | Identified a +2 battleaxe of freezing
 64811 | Depths:2 | Killed a deep elf sorcerer
 64836 | Depths:2 | HP: 49/202 [frost giant/+0 battleaxe of freezing (22)]
 64841 | Depths:2 | HP: 27/203 [deep elf sorcerer/bolt of acid (19)]
 64843 | Depths:2 | Killed a deep elf sorcerer
 64852 | Depths:2 | HP: 2/203 [tengu reaver/blast of poison (21)]
 64857 | Depths:2 | HP: 25/203 [tengu reaver] (2)]
 64862 | Depths:2 | HP: 23/203 [poisoned by a tengu reaver (poison gas)]
 64867 | Depths:2 | HP: 23/203 [poisoned by a tengu reaver (poison gas)]
 64874 | Depths:2 | HP: 24/203 [poisoned by a tengu reaver (poison gas)]
 64882 | Depths:2 | HP: 26/203 [poisoned by a tengu reaver (poison gas)]
 65506 | Depths:2 | You fall into a shaft and drop 2 floors!
 65565 | Depths:4 | Identified +0 ice dragon scales
 65567 | Depths:4 | Identified a +0 battleaxe of freezing
 65602 | Depths:4 | Identified a +1 battleaxe of freezing
 65648 | Depths:4 | Identified a +0 war axe
 65648 | Depths:4 | Identified a +0 longbow
 65648 | Depths:4 | Identified a cursed -2 leather armour
 65665 | Depths:4 | Reached skill level 9 in Throwing
 65685 | Depths:3 | Identified a +0 giant club
 65685 | Depths:3 | Identified a +0 giant spiked club
 65685 | Depths:3 | Identified a +0 spear
 65685 | Depths:3 | Identified a +0 robe
 65686 | Depths:3 | Identified a +0 giant spiked club
 65686 | Depths:3 | Identified a +0 giant club
 65686 | Depths:3 | Identified a +0 giant club
 65686 | Depths:3 | Identified a +1 lajatang of protection
 65686 | Depths:3 | Identified a +0 robe
 65689 | Depths:3 | Identified a +0 spear
 65690 | Depths:3 | Identified a +1 vampiric rapier
 65690 | Depths:3 | Identified a +0 robe
 65690 | Depths:3 | Identified a +0 buckler
 65691 | Depths:3 | Paralysed by a great orb of eyes for 4 turns
 65691 | Depths:3 | Identified a +0 robe
 65702 | Depths:3 | Reached skill level 13 in Evocations
 65718 | Depths:3 | Identified a +0 arbalest
 65725 | Depths:3 | Found a flickering gateway to a bazaar.
 65745 | Bazaar   | Entered a bazaar
 65745 | Bazaar   | Found Juept's Antique Weapon Shop.
 65751 | Bazaar   | Found Dunev's Book Shoppe.
 65771 | Bazaar   | Found Vuruy's Armour Shop.
 65776 | Bazaar   | Found Duvvisa's Antique Weapon Boutique.
 65780 | Bazaar   | Found Feijah's Weapon Shop.
 65798 | Bazaar   | Bought the +5 plate armour of Decompression {Dex+3} for 919
                  | gold pieces
 65838 | Depths:3 | Identified a +0 long sword
 65838 | Depths:3 | Identified a +0 robe
 65962 | Depths:3 | Identified a +0 robe
 65979 | Depths:3 | Identified a +0 great sword of flaming
 66511 | Depths:2 | Identified a +1 hand axe of freezing
 66810 | Depths:3 | Identified a +2 battleaxe of freezing
 66826 | Depths:3 | Identified a +2 great sword of flaming
 66863 | Depths:3 | Identified a +0 battleaxe
 66863 | Depths:3 | Identified a +0 arbalest
 66863 | Depths:3 | Identified a +0 ring mail
 66863 | Depths:3 | Identified a +2 great sword of flaming
 66867 | Depths:3 | Identified a +0 dire flail
 66867 | Depths:3 | Identified a +0 ring mail
 66870 | Depths:3 | Identified a +0 quarterstaff
 66870 | Depths:3 | Identified a +0 animal skin
 66877 | Depths:3 | Noticed a juggernaut
 66881 | Depths:3 | Identified a +0 arbalest of freezing
 66892 | Depths:3 | Reached skill level 21 in Fighting
 66900 | Depths:3 | Identified +0 shadow dragon scales
 66903 | Depths:3 | Killed a juggernaut
 66904 | Depths:3 | Noticed a lich
 66916 | Depths:3 | HP: 31/205 [lich/bolt of negative energy (38)]
 66920 | Depths:3 | Identified a +0 trident
 66922 | Depths:3 | Killed a lich
 66922 | Depths:3 | HP: 23/205 [yaktaur captain/bolt (33)]
 67283 | Depths:3 | Identified a +0 dire flail
 67283 | Depths:3 | Identified a cursed -1 dire flail
 67399 | Depths:3 | Identified the ring of Hatorghi {*Corrode *Drain rElec MR+
                  | Str+9} (You found it on level 3 of the Depths)
 67481 | Depths:3 | Identified a +0 dire flail
 67481 | Depths:3 | Identified a +0 dire flail of protection
 67491 | Depths:3 | Identified a +0 dire flail
 67491 | Depths:3 | Identified a +0 dire flail
 67529 | Depths:3 | Identified a +0 robe
 67531 | Depths:3 | Identified +0 fire dragon scales
 67531 | Depths:3 | Identified a +0 robe
 67678 | Depths:3 | Identified a +0 arbalest
 67678 | Depths:3 | Identified the amulet "Zumuonopn" {Acrobat +Inv rN+ Str+7}
 67749 | Depths:3 | Found a one-way gate to the infinite horrors of the Abyss.
 67764 | Depths:3 | Identified a +0 giant club
 67764 | Depths:3 | Identified a +0 dire flail
 67764 | Depths:3 | Identified a +0 giant club
 67764 | Depths:3 | Identified a +0 giant club
 67765 | Depths:3 | Identified a +0 giant club
 67765 | Depths:3 | Identified a +0 giant club
 67767 | Depths:3 | Identified a +0 giant club
 67772 | Depths:3 | Identified a +0 club
 67772 | Depths:3 | Identified a +0 robe
 67776 | Depths:3 | Reached skill level 10 in Throwing
 67777 | Depths:3 | Identified a +0 giant club
 67777 | Depths:3 | Identified a +0 giant spiked club
 67900 | Depths:3 | Found a one-way gate leading to the halls of Pandemonium.
 68106 | Depths:4 | Identified a +0 dagger
 68106 | Depths:4 | Identified a +0 robe
 68107 | Depths:4 | Identified a +2 demon blade
 68107 | Depths:4 | Identified a +0 plate armour
 68109 | Depths:4 | Identified a +5 glaive
 68109 | Depths:4 | Identified a +0 chain mail
 68109 | Depths:4 | Identified a +4 broad axe of flaming
 68109 | Depths:4 | Identified a +0 chain mail
 68110 | Depths:4 | Identified a +5 war axe of flaming
 68110 | Depths:4 | Identified a +0 chain mail
 68126 | Depths:4 | Identified a +0 dagger
 68126 | Depths:4 | Identified a +0 robe
 68141 | Depths:4 | Identified a +0 trident
 68163 | Depths:4 | Noticed a juggernaut
 68172 | Depths:4 | Killed a juggernaut
 68172 | Depths:4 | Reached XP level 25. HP: 211/211 MP: 33/33
 68596 | Shoals:4 | Identified a +2 spear of pain
 68596 | Shoals:4 | Identified a +0 leather armour
 70290 | Depths:4 | Noticed a lich
 70292 | Depths:4 | Killed a lich
 70319 | Depths:4 | Identified a +0 great sword of flaming
 70319 | Depths:4 | Identified a +0 plate armour
 70319 | Depths:4 | Noticed Jory
 70321 | Depths:4 | Identified a +2 antimagic quarterstaff
 70321 | Depths:4 | Identified a +0 animal skin
 70333 | Depths:4 | Killed Jory
 70333 | Depths:4 | Reached skill level 20 in Armour
 70431 | Depths:4 | Identified a +0 long sword
 70572 | Depths:4 | Identified a +0 robe of magic resistance
 70572 | Depths:4 | Noticed Boris
 70600 | Depths:4 | Killed Boris
 70724 | Depths:4 | HP: 27/212 [storm dragon/bolt of lightning (44)]
 70724 | Depths:4 | Noticed a lich
 70725 | Depths:4 | Noticed a lich
 70729 | Depths:4 | Killed a lich
 70732 | Depths:4 | Killed a lich
 70743 | Depths:4 | HP: 43/212 [tentacled monstrosity (5)]
 70749 | Depths:4 | Killed from afar by a storm dragon

Table legend:
 A = Turns spent in this place as a percentage of turns spent in the entire game.
 B = Non-inter-level travel turns spent in this place as a percentage of non-inter-level travel turns spent in the entire game.
 C = Inter-level travel turns spent in this place as a percentage of turns spent in this place.
 D = Turns resting spent in this place as a percentage of non-inter-level travel turns spent in this place.
 E = Turns spent auto-exploring this place as a percentage of non-inter-level travel turns spent in this place.
 F = Non-inter-level travel turns spent in this place divided by the number of levels of this place that you've seen.
                   A       B       C       D       E      F
               +-------+-------+-------+-------+-------+----------------------
         Total | 100.0 | 100.0 |  10.2 |  33.0 |  43.9 | 1380.8
       Dungeon |  22.7 |  20.9 |  17.3 |  17.4 |  57.7 | 886.4
          Lair |  10.3 |   9.5 |  17.5 |  10.6 |  71.1 | 1004.7
        Shoals |  11.8 |  12.4 |   6.3 |  52.8 |  28.6 | 1962.5
     Snake Pit |  11.2 |  12.1 |   3.3 |  34.5 |  47.8 | 1914.2
  Orcish Mines |   3.8 |   3.4 |  18.4 |  30.3 |  49.6 | 1084.0
   Elven Halls |   8.5 |   8.5 |  10.2 |  35.6 |  40.2 | 1809.7
        Vaults |  19.0 |  19.5 |   7.9 |  43.2 |  31.9 | 3090.2
        Depths |   7.8 |   8.4 |   4.0 |  35.3 |  41.5 | 1331.2
        Bazaar |   0.1 |   0.1 |   0.0 |   0.0 |  53.8 |  45.5
        Bailey |   1.7 |   1.9 |   0.0 |  17.5 |  23.6 | 1236.0
    Desolation |   2.9 |   3.3 |   0.0 |  57.6 |  13.5 | 2074.0
               +-------+-------+-------+-------+-------+----------------------

Table legend:
 A = Kills in this place as a percentage of kills in entire the game.
 B = Kills by you in this place as a percentage of kills by you in the entire game.
 C = Kills by friends in this place as a percentage of kills by friends in the entire game.
 D = Other kills in this place as a percentage of other kills in the entire game.
 E = Experience gained in this place as a percentage of experience gained in the entire game.
 F = Experience gained in this place divided by the number of levels of this place that you have seen.
                   A       B       C       D       E      F
               +-------+-------+-------+-------+-------+----------------------
         Total | 100.0 | 100.0 | 100.0 | 100.0 | 100.0 | 21780.3
       Dungeon |  22.8 |  23.5 |   3.7 |   2.4 |   7.2 | 4780.2
          Lair |  10.8 |  11.0 |   0.0 |   4.9 |   5.2 | 8743.0
        Shoals |   8.6 |   8.5 |  18.5 |   9.8 |   9.1 | 22813.5
     Snake Pit |   7.6 |   7.8 |   0.0 |   7.3 |   9.5 | 23765.0
  Orcish Mines |   5.4 |   5.6 |   0.0 |   0.0 |   2.0 | 9774.5
   Elven Halls |   7.8 |   7.6 |  14.8 |   9.8 |  12.7 | 42519.7
        Vaults |  21.4 |  21.3 |   0.0 |  41.5 |  28.5 | 71368.0
        Depths |   9.5 |   8.6 |  63.0 |  17.1 |  21.3 | 53419.2
        Bailey |   1.9 |   2.0 |   0.0 |   2.4 |   0.2 | 2226.0
    Desolation |   4.2 |   4.3 |   0.0 |   4.9 |   4.3 | 42938.0
               +-------+-------+-------+-------+-------+----------------------

Skill      XL: |  1  2  3  4  5  6  7  8  9 10 11 12 13 14 15 16 17 18 19 20 21 22 23 24 25 |
---------------+----------------------------------------------------------------------------+-----
Axes           | 3 4 5 6 7 9 11 13 14 16 17 18 19 20 19 | 19.2
Fighting       | 4 5 7 8 9 10 11 12 13 14 15 17 16 17 18 19 20 21 | 21.5
Shields        | 4 5 6 7 8 9 10 11 12 13 14 14 15 16 | 16.8
Armour         | 4 5 6 7 8 9 10 11 12 13 14 15 15 16 17 18 19 20 | 20.1
Throwing       | 2 4 5 7 8 10 | 10.5
Evocations     | 1 4 5 7 8 9 10 10 11 12 13 | 13.5
Slings         | 1 5 7 8 10 11 12 13 | 13.4

Action                   |  1- 3 |  4- 6 |  7- 9 | 10-12 | 13-15 | 16-18 | 19-21 | 22-24 | 25-27 || total
-------------------------+-------+-------+-------+-------+-------+-------+-------+-------+-------++-------
Melee: War axe           |    83 |   191 |   299 |   644 |   836 |   811 |   856 |       |       ||  3720
       Broad axe         |       |       |       |       |       |       |   192 |   798 |    52 ||  1042
 Fire: Fustibalus        |       |       |       |       |       |   509 |   520 |    90 |       ||  1119
Throw: Boomerang         |       |    63 |    10 |   289 |   181 |   223 |   160 |   613 |    11 ||  1550
       Javelin           |       |       |    27 |    21 |   237 |    76 |       |       |    20 ||   381
       Dart              |       |       |       |     2 |    20 |       |       |       |       ||    22
Invok: Sacrifice Health  |       |       |       |     1 |       |       |       |       |       ||     1
       Sacrifice Stealth |       |       |       |     1 |       |       |       |       |       ||     1
       Sacrifice Arcana  |       |       |       |       |     1 |       |       |       |       ||     1
       Reject Sacrifices |       |       |       |       |     1 |     2 |       |       |       ||     3
       Draw Out Power    |       |       |       |       |     1 |       |       |       |       ||     1
       Sacrifice Nimblen |       |       |       |       |     1 |       |       |       |       ||     1
       Power Leap        |       |       |       |       |       |     1 |       |       |       ||     1
       Apocalypse        |       |       |       |       |       |     1 |       |       |       ||     1
       Sacrifice Skill   |       |       |       |       |       |       |     1 |       |       ||     1
 Abil: Blink             |       |       |       |       |       |       |     1 |       |       ||     1
Evoke: Wand              |       |       |     4 |    16 |    14 |    45 |    24 |    21 |       ||   124
       Lightning rod     |       |       |       |       |     2 |     1 |       |       |       ||     3
       Box of beasts     |       |       |       |       |     1 |       |     1 |       |       ||     2
       Tin of tremorston |       |       |       |       |       |       |       |     2 |       ||     2
       Phial of floods   |       |       |       |       |       |       |       |     1 |       ||     1
  Use: Scroll            |       |     5 |     6 |    17 |    16 |     5 |    24 |    21 |     5 ||    99
       Potion            |       |       |       |     7 |     2 |     4 |     6 |     5 |     2 ||    26
 Stab: Distracted        |       |       |       |     1 |     4 |     5 |     8 |    10 |       ||    28
       Petrified         |       |       |       |       |     5 |       |       |       |       ||     5
       Invisible         |       |       |       |       |     2 |     4 |    11 |    13 |     1 ||    31
       Petrifying        |       |       |       |       |     1 |       |       |       |       ||     1
       Held in net/web   |       |       |       |       |       |     1 |       |       |       ||     1
       Paralysed         |       |       |       |       |       |       |    13 |     5 |       ||    18
       Sleeping          |       |       |       |       |       |       |     1 |       |       ||     1
  Eat: Chunk             |     1 |     7 |     5 |    14 |    20 |    14 |    15 |     3 |       ||    79
       Ration            |       |       |     2 |     4 |     4 |    11 |     7 |    12 |     2 ||    42
Armor: Scale mail        |    10 |       |       |       |       |       |       |       |       ||    10
       Chain mail        |    31 |   116 |   158 |   192 |   125 |       |    46 |       |       ||   668
       Plate armour      |       |       |       |       |    35 |   256 |   109 |   130 |     7 ||   537
Dodge: Dodged            |    16 |    53 |    59 |   115 |    80 |    99 |    87 |    60 |     3 ||   572
Block: Kite shield       |    47 |   124 |   106 |       |       |       |       |       |       ||   277
       Tower shield      |       |       |    78 |   538 |   689 |   991 |   878 |   664 |    34 ||  3872
       Reflection        |       |       |       |       |    36 |   136 |   101 |    54 |     2 ||   329

Vanquished Creatures
  2 juggernauts
  Boris (Depths:4)
  2 caustic shrikes (Depths:2)
  Jory (Depths:4)
  2 tentacled monstrosities (Depths:4)
  4 liches
  A quicksilver dragon (Depths:3)
  2 deep elf master archers (Elf:3)
  A titan (Depths:3)
  Frances (Snake:1)
  2 deep elf blademasters
  5 sphinxes
  4 tengu reavers
  Donald (Vaults:4)
  A shadow dragon (Depths:3)
  Roxanne (D:14)
  8 fire giants
  6 nagarajas
  14 deep elf sorcerers
  13 frost giants
  15 vault wardens
  Louise (Shoals:1)
  4 imperial myrmidons (Desolation)
  7 deep elf elementalists (Elf:3)
  A curse skull (Vaults:2)
  An orc warlord (Orc:1)
  3 spriggan defenders
  A caustic shrike zombie (Depths:1)
  12 ironheart preservers
  12 very ugly things
  A war gargoyle (Vaults:3)
  14 stone giants
  A juggernaut skeleton (Depths:1)
  A deep elf demonologist (Elf:3)
  A halazid warlock (Desolation)
  8 deep elf annihilators
  A spark wasp (Depths:2)
  A minotaur (Depths:1)
  7 deep elf death magi
  The ghost of protoss039 the Eclecticist, a journeyman DEEE of Vehumet (D:13)
  14 ettins
  A crystal guardian (Desolation)
  4 fire dragons
  8 yaktaur captains
  5 merfolk javelineers (Shoals:4)
  10 merfolk impalers
  4 ragged hierophants (Desolation)
  7 deep elf high priests (Elf:3)
  A servant of whispers (Desolation)
  10 great orbs of eyes
  Erolcha (Orc:1)
  6 rakshasas
  22 ogre magi
  A hell beast (Depths:1)
  7 ice dragons
  3 spriggan air magi (Depths:3)
  11 centaur warriors
  8 peacekeepers
  11 naga warriors
  5 hydras
  3 merfolk aquamancers
  8 vault guards
  A merfolk avatar (Shoals:4)
  A shambling mangrove (D:11)
  3 tengu warriors
  27 dancing weapons
  3 death knights (Vaults:4)
  11 anacondas
  2 catoblepae
  6 death yaks
  58 two-headed ogres
  2 small abominations (Elf:3)
  3 satyrs
  2 deep troll earth magi
  3 deep troll shamans
  3 alligator snapping turtles
  A vampire mage (Depths:3)
  7 naga sharpshooters
  3 orc high priests (Orc:2)
  12 deep elf knights
  6 shock serpents
  Sonja (D:12)
  3 spriggan berserkers
  6 salamander mystics
  12 deep trolls
  A skeletal warrior (Vaults:2)
  8 sea snakes
  4 hell knights (Depths:4)
  3 unseen horrors
  A shadow wraith (Vaults:1)
  A swamp dragon (shapeshifter) (Depths:3)
  4 wizards
  2 flayed ghosts
  5 naga ritualists
  2 glowing orange brains
  9 deep elf archers
  4 lindwurms (Snake:4)
  A kraken simulacrum (Shoals:4)
  A large abomination (Elf:2)
  A tengu zombie (Vaults:4)
  A phantasmal warrior (Vaults:4)
  14 ironbrand convokers
  A wolf spider zombie (D:14)
  Pikel (D:4)
  16 mana vipers
  5 necromancers
  16 orc knights
  6 wolf spiders
  24 harpies
  A harpy (shapeshifter) (Vaults:2)
  A lindwurm (shapeshifter) (Depths:2)
  2 stone giant zombies (Depths:1)
  8 orc sorcerers
  39 ugly things
  57 deep elf magi
  10 cyclopes
  20 fauns
  15 manticores
  8 salamanders
  27 black mambas
  A fire giant skeleton (Depths:1)
  A frost giant zombie (Depths:1)
  A moth of wrath (shapeshifter) (Vaults:4)
  9 merfolk sirens
  14 vault sentinels
  3 molten gargoyles (Desolation)
  8 elephants
  2 water nymphs
  A rust devil (Depths:1)
  A spiny frog (shapeshifter) (Vaults:2)
  17 naga magi
  5 rime drakes
  17 guardian serpents
  Psyche (D:9)
  A gargoyle (D:10)
  A torpor snail (Lair:5)
  19 spiny frogs
  A rime drake (shapeshifter) (Vaults:4)
  11 komodo dragons
  A yaktaur (shapeshifter) (Vaults:4)
  5 freezing wraiths
  36 yaktaurs
  An efreet (D:13)
  6 wind drakes
  2 jumping spiders (shapeshifter)
  29 merfolk
  A queen bee (shapeshifter) (Vaults:4)
  6 polar bears
  A red devil (Depths:1)
  7 trolls
  A harpy skeleton (D:15)
  51 saltlings
  7 hornets
  35 slime creatures
  A tengu simulacrum (Vaults:4)
  15 dream sheep
  8 snapping turtles
  2 dream sheep (shapeshifter)
  15 blink frogs
  5 tyrant leeches (Lair:6)
  20 hippogriffs
  5 air elementals
  A spriggan (D:7)
  56 yaks
  2 spriggans (shapeshifter)
  An ettin skeleton (Vaults:4)
  3 wraiths
  A human (Vaults:1)
  10 water elementals
  11 wyverns
  4 fire elementals
  A shadow (D:13)
  A human (shapeshifter) (Vaults:3)
  A golden eye (shapeshifter) (Depths:1)
  A basilisk (Lair:5)
  16 vampire mosquitoes
  2 steam dragons
  4 hungry ghosts
  20 nagas
  10 wargs
  2 acid dragons
  An acid dragon (shapeshifter) (Vaults:4)
  Duvessa (D:6)
  11 water moccasins
  10 porcupines
  44 orc warriors
  4 phantoms
  4 ice beasts
  4 sky beasts
  10 black bears
  2 necrophages
  An eye of draining (D:15)
  52 ogres
  2 slaves (D:5)
  6 wolves
  7 boggarts
  23 centaurs
  2 big kobolds
  8 crocodiles
  26 bullfrogs
  3 earth elementals
  A wyvern zombie (D:14)
  An ogre simulacrum (Vaults:1)
  Dowan (D:6)
  A human simulacrum (Depths:1)
  A water moccasin zombie (D:8)
  5 scorpions
  10 killer bees
  3 electric eels
  18 wights
  4 howler monkeys
  11 jellies
  7 crimson imps
  2 bullfrog zombies
  6 hounds
  A quasit (D:12)
  5 centaur zombies
  20 orc priests
  33 orc wizards
  5 iguanas
  5 centaur skeletons
  4 bullfrog skeletons
  Ijyb (D:5)
  Terence (D:2)
  5 worker ants
  A hound zombie (D:9)
  3 hound skeletons
  A worker ant zombie (D:9)
  11 adders
  7 gnolls
  4 shadow imps
  11 oozes (D:11)
  An adder skeleton (D:3)
  3 worms
  2 dart slugs
  6 leopard geckos
  113 orcs
  2 ball pythons
  12 giant cockroaches
  6 goblins
  8 hobgoblins
  21 jackals
  12 kobolds
  6 quokkas
  7 bats
  7 frilled lizards
  A jackal zombie (D:9)
  A leopard gecko zombie (D:8)
  A rat (D:1)
  7 crawling corpses (Elf:3)
  9 fungi
  35 plants
2001 creatures vanquished.

Vanquished Creatures (collateral kills)
  Rupert (D:13)
  A storm dragon (Depths:4)
  A deep elf sorcerer (Elf:3)
  A very ugly thing (Depths:3)
  A stone giant (Depths:3)
  A deep elf death mage (Depths:4)
  2 merfolk impalers (Shoals:1)
  A merfolk javelineer (Shoals:1)
  A fire dragon (Depths:3)
  A yaktaur captain (Depths:3)
  A great orb of eyes (Depths:4)
  An ice dragon (Depths:2)
  A deep troll shaman (Depths:2)
  A deep troll earth mage (Depths:2)
  A vampire mage (Depths:2)
  A deep elf knight (Elf:2)
  A wizard (Depths:1)
  2 deep elf magi (Elf:2)
  3 slime creatures
  A manticore (Shoals:4)
  A hornet (Depths:3)
  A spriggan (Depths:3)
  A water elemental (Shoals:4)
  A plant (Depths:3)
28 creatures vanquished.

Vanquished Creatures (others)
  Mennas (Vaults:2)
  A deep elf blademaster (Depths:1)
  Polyphemus (Shoals:3)
  A tengu reaver (Depths:3)
  2 deep elf sorcerers (Elf:3)
  2 stone giants
  An ironheart preserver (Vaults:3)
  A merfolk javelineer (Shoals:4)
  2 ettins
  2 yaktaur captains
  A deep elf high priest (Elf:3)
  A merfolk impaler (Shoals:1)
  A naga warrior (Snake:2)
  A centaur warrior (Vaults:1)
  A tengu warrior (Depths:1)
  2 two-headed ogres
  A deep troll (Vaults:2)
  A deep elf archer (Vaults:1)
  A wizard (D:15)
  A harpy (Shoals:3)
  A wolf spider (Vaults:3)
  A deep elf mage (Elf:1)
  An orc knight (Vaults:4)
  A manticore (Shoals:4)
  A black mamba (Snake:3)
  A guardian serpent (Elf:1)
  A spiny frog (Lair:2)
  A naga mage (Snake:4)
  2 yaktaurs (Vaults:2)
  A merfolk (Shoals:1)
  2 saltlings (Desolation)
  A wind drake (Shoals:4)
  A hippogriff (Lair:5)
  2 ogres
  3 orc warriors
  A boggart (Elf:1)
  An orc priest (Orc:1)
  An orc (Orc:2)
  14 fungi
  40 plants
  8 tentacles (Shoals:4)
110 creatures vanquished.

Grand Total: 2139 creatures vanquished
